 Dungeon Crawl Stone Soup version 0.31.0-9-g3a7656b989 (webtiles) character file.

Game seed: 1184082109813141825

11153855 Anaz the Conqueror (level 27, 273/273 HPs)
             Began as a Demigod Fighter on Jan 24, 2024.
             Escaped with the Orb
             ... and 15 runes on Jan 28, 2024!
             The game lasted 14:19:39 (149917 turns).

Anaz the Conqueror (Demigod Fighter)              Turns: 149917, Time: 14:19:40

Health: 273/273    AC: 37    Str: 25    XL:     27
Magic:  44/44      EV: 60    Int: 10    God:
Gold:   25921      SH: 32    Dex: 55    Spells: 31/49 levels left

rFire   + + +        a - +9 eudemon blade (holy)
rCold   + . .        O - +5 Storm Queen's Shield {shock, Fly rElec}
rNeg    + + +        V - +8 fire dragon scales
rPois   +            q - +2 hat {Will+}
rElec   +            o - scarf {rC+ rF+}
rCorr   +            g - +3 pair of gloves of the Unicorn {Rampage rPois rN+ MP-9}
SInv    +            j - +2 pair of boots {rampage}
Will    ++++.        X - amulet of Zedawk {rN+ Regen+ MP+9 Str+5}
Stlth   +            D - ring "Rysotiu" {rN+ Will+ Dex+6}
HPRegen 1.45/turn    u - ring of Zimeir {rC+ rCorr Str+3 SInv Stlth-}
MPRegen 0.29/turn

%: clarity, rampage
@: flying, studying 4 skills
A: high MP 1, forlorn, divine attributes, clarity
0: Orb of Zot
}: 15/15 runes: barnacled, slimy, silver, golden, iron, obsidian, icy, bone,
abyssal, demonic, glowing, magical, fiery, dark, gossamer
a: no special abilities


You escaped.
You visited 17 branches of the dungeon, and saw 87 of its levels.
You visited Pandemonium 5 times, and saw 54 of its levels.
You visited the Abyss 3 times.
You also visited: Trove, Ossuary, Gauntlet and Desolation.

You collected 27806 gold pieces.
You spent 1885 gold pieces at shops.

Inventory:

Hand Weapons
 a - a +9 eudemon blade of holy wrath (weapon)
 z - a +9 demon blade of flaming
Missiles
 v - 23 silver javelins (quivered)
 J - 2 throwing nets
 S - 21 curare-tipped darts
Armour
 g - the +3 pair of gloves of the Unicorn (worn) {Rampage rPois rN+ MP-9}
   (You found it in a treasure trove)

   rPois:     It protects you from poison rN+: It protects you from negative
   energy.
   MP-9:      It affects your magic capacity (-9).
   Rampage:   It bestows one free step when moving towards enemies.
 j - a +2 pair of boots of rampaging (worn)
 o - a scarf of resistance (worn)
 q - a +2 hat of willpower (worn)
 O - the +5 Storm Queen's Shield (worn) {shock, Fly rElec}
   (You found it on level 14 of the Dungeon)

   Shock:     When it blocks an attack, it may electrocute the attacker.
   This works even against foes who are a short distance away.
   rElec:     It insulates you from electricity.
   Fly:       It grants you flight.
 V - +8 fire dragon scales (worn)
Jewellery
 n - the ring of the Riding Gods {rC+ Will+ Str-3 Dex+6}
   (You took it off an ironbound convoker on level 5 of the Vaults)

   [ring of dexterity]

   Str-3:     It affects your strength (-3).
   Dex+6:     It affects your dexterity (+6).
   rC+:       It protects you from cold.
   Will+:     It increases your willpower.
 u - the ring of Zimeir (right hand) {rC+ rCorr Str+3 SInv Stlth-}
   (You found it on level 5 of the Pits of Slime)

   [ring of see invisible]

   Str+3:     It affects your strength (+3).
   rC+:       It protects you from cold.
   SInv:      It lets you see invisible.
   rCorr:     It protects you from acid and corrosion.
   Stlth-:    It makes you less stealthy.
 D - the ring "Rysotiu" (left hand) {rN+ Will+ Dex+6}
   (You acquired it on level 1 of the Depths)

   [ring of dexterity]

   Dex+6:     It affects your dexterity (+6).
   rN+:       It protects you from negative energy.
   Will+:     It increases your willpower.
 R - a ring of magical power
 X - the amulet of Zedawk (around neck) {rN+ Regen+ MP+9 Str+5}
   (You found it in the Desolation of Salt)

   [amulet of regeneration]

   Str+5:     It affects your strength (+5).
   rN+:       It protects you from negative energy.
   MP+9:      It affects your magic capacity (+9).
   Regen+:    It increases your rate of health regeneration.
 Z - a ring of ice
Wands
 s - a wand of digging (49)
 y - a wand of polymorph (6)
 H - a wand of paralysis (123)
 I - a wand of iceblast (208)
 P - a wand of light (80)
Scrolls
 b - 2 scrolls of brand weapon
 d - 2 scrolls of enchant weapon
 e - 6 scrolls of revelation
 h - 2 scrolls of enchant armour
 i - 9 scrolls of fear
 r - 24 scrolls of teleportation
 A - 14 scrolls of blinking
 B - 3 scrolls of silence
 L - 12 scrolls of fog
 N - a scroll of torment
 U - a scroll of vulnerability
Potions
 f - 21 potions of attraction
 k - 20 potions of heal wounds
 m - 13 potions of lignification
 t - 11 potions of resistance
 w - 7 potions of berserk rage
 x - 37 potions of curing
 C - 8 potions of magic
 E - 6 potions of invisibility
 F - 19 potions of brilliance
 K - 10 potions of haste
 M - 9 potions of ambrosia
 Q - a potion of enlightenment
 T - 15 potions of might
 W - 4 potions of mutation
 Y - 5 potions of cancellation
Miscellaneous
 c - the horn of Geryon
 l - a phial of floods
 p - a phantom mirror
 G - a figurine of a ziggurat


   Skills:
 O Level 27 Fighting
 O Level 27 Long Blades
 - Level 10.0 Throwing
 O Level 27 Armour
 O Level 27 Dodging
 - Level 5.0 Stealth
 O Level 27 Shields
 - Level 11.8 Spellcasting
 * Level 26.0 Hexes
 - Level 12.0 Translocations
 O Level 27 Air Magic
 - Level 10.0 Evocations
 * Level 16.1 Shapeshifting


You had 31 spell levels left.
You knew the following spells:

 Your Spells              Type           Power      Damage    Failure   Level
a - Blink                 Tloc           58%        N/A       1%          2
b - Swiftness             Air            56%        N/A       0%          3
c - Summon Lightning Spi  Summ/Air       32%        N/A       1%          4
d - Vhi's Electric Charg  Tloc/Air       88%        N/A       1%          4
e - Silence               Hex/Air        28%        N/A       0%          5

Your spell library contained the following spells:

 Spells                   Type           Power      Damage    Failure   Level
 Jinxbite                 Hex            100%       N/A       0%          2
 Confusing Touch          Hex            55%        N/A       0%          3
 Sigil of Binding         Hex            55%        N/A       0%          3
 Tukima's Dance           Hex            55%        N/A       0%          3
 Airstrike                Air            28%        2d(4-20)  0%          4
 Cause Fear               Hex            27%        N/A       0%          4
 Apportation              Tloc           58%        N/A       1%          1
 Shock                    Conj/Air       100%       1d9       1%          1
 Cigotuvi's Dreadful Rot  Necr/Alch/Air  46%        N/A       1%          2
 Ensorcelled Hibernation  Hex/Ice        64%        N/A       1%          2
 Lesser Beckoning         Tloc           58%        N/A       1%          2
 Mercury Vapours          Alch/Air       64%        N/A       1%          2
 Static Discharge         Conj/Air       64%        3-6/arc   1%          2
 Dazzling Flash           Conj/Hex       64%        N/A       1%          3
 Gell's Gravitas          Tloc           29%        N/A       1%          3
 Inner Flame              Hex/Fire       32%        N/A       1%          3
 Mephitic Cloud           Conj/Alch/Air  23%        N/A       1%          3
 Teleport Other           Tloc           29%        N/A       1%          3
 Anguish                  Hex/Necr       16%        N/A       1%          4
 Dimensional Bullseye     Hex/Tloc       22%        N/A       1%          4
 Manifold Assault         Tloc           29%        N/A       1%          4
 Passage of Golubria      Tloc           29%        N/A       1%          4
 Arcjolt                  Conj/Air       16%        1d26      1%          5
 Enfeeble                 Hex            27%        N/A       1%          7
 Maxwell's Capacitive Co  Air            28%        ∞         1%          8
 Momentum Strike          Conj/Tloc      34%        3d8       2%          2
 Metabolic Englaciation   Hex/Ice        16%        N/A       2%          5
 Yara's Violent Unravell  Hex/Alch       16%        3d8       2%          5
 Discord                  Hex            27%        N/A       2%          8
 Volatile Blastmotes      Fire/Tloc      34%        2d12      4%          3
 Conjure Ball Lightning   Conj/Air       16%        3x3d6     11%         6
 Plasma Beam              Fire/Air       16%        2x1d27    11%         6
 Freezing Cloud           Conj/Ice/Air   11%        6-21      12%         5
 Iskenderun's Mystic Bla  Conj/Tloc      17%        2d5       16%         4
 Foxfire                  Conj/Fire      20%        2x1d5     19%         1
 Freeze                   Ice            20%        1d4       19%         1
 Kiss of Death            Conj/Necr      20%        2d7       19%         1
 Magic Dart               Conj           20%        1d4       19%         1
 Necrotise                Necr           20%        1d5       19%         1
 Sandblast                Erth           10%        2d5       19%         1
 Sting                    Conj/Alch      20%        1d4       19%         1
 Summon Small Mammal      Summ           20%        N/A       19%         1
 Dispersal                Tloc           14%        N/A       21%         6
 Call Imp                 Summ           10%        N/A       26%         2
 Scorch                   Fire           10%        2d5       26%         2
 Sublimation of Blood     Necr           5%         N/A       26%         2
 Summon Forest            Summ/Tloc      8%         N/A       38%         5
 Call Canine Familiar     Summ           5%         N/A       47%         3
 Frozen Ramparts          Ice            10%        1d2       47%         3
 Fugue of the Fallen      Necr           5%         N/A       47%         3
 Hailstorm                Conj/Ice       5%         3d5       47%         3
 Ozocubu's Armour         Ice            5%         N/A       47%         3
 Passwall                 Erth           5%         N/A       47%         3
 Stone Arrow              Conj/Erth      10%        3d7       47%         3
 Summon Ice Beast         Ice/Summ       5%         N/A       47%         3
 Vampiric Draining        Necr           5%         2d6       47%         3
 Animate Armour           Summ/Erth      10%        N/A       87%         4
 Animate Dead             Necr           5%         N/A       87%         4
 Brom's Barrelling Bould  Conj/Erth      5%         2d3       87%         4
 Dispel Undead            Necr           5%         3d7       87%         4
 Flame Wave               Conj/Fire      5%         2d5       87%         4
 Fulminant Prism          Conj/Alch      2%         3d5       87%         4
 Ignite Poison            Fire/Alch      5%         N/A       87%         4
 Leda's Liquefaction      Alch/Erth      2%         N/A       87%         4
 Martyr's Knell           Necr/Summ      5%         N/A       87%         4
 Olgreb's Toxic Radiance  Alch           5%         N/A       87%         4
 Petrify                  Alch/Erth      5%         N/A       87%         4
 Sticky Flame             Fire/Alch      5%         2d4       87%         4
 Summon Blazeheart Golem  Fire/Summ      5%         N/A       87%         4
 Alistair's Intoxication  Alch           3%         N/A       99%         5
 Borgnjor's Vile Clutch   Necr/Erth      2%         N/A       99%         5
 Curse of Agony           Necr           5%         N/A       99%         5
 Fireball                 Conj/Fire      2%         3d4       99%         5
 Irradiate                Conj/Alch      2%         3d12      99%         5
 Iskenderun's Battlesphe  Conj           5%         2d6       99%         5
 Lee's Rapid Deconstruct  Erth           2%         3d5*      99%         5
 Bombard                  Conj/Erth      2%         9d1       100%        6
 Death Channel            Necr           2%         N/A       100%        6
 Eringya's Noxious Bog    Alch           2%         4d6       100%        6
 Sculpt Simulacrum        Ice/Alch       2%         N/A       100%        6
 Starburst                Conj/Fire      2%         6d3       100%        6
 Summon Cactus Giant      Summ           2%         N/A       100%        6
 Haunt                    Necr/Summ      2%         N/A       100%        7
 Malign Gateway           Summ/Tloc      8%         N/A       100%        7
 Monstrous Menagerie      Summ           2%         N/A       100%        7
 Orb of Destruction       Conj           2%         9d5       100%        7
 Ozocubu's Refrigeration  Ice            2%         4d8       100%        7
 Spellforged Servitor     Conj/Summ      2%         N/A       100%        7
 Summon Hydra             Summ           2%         N/A       100%        7
 Borgnjor's Revivificati  Necr           2%         N/A       100%        8
 Disjunction              Tloc           14%        N/A       100%        8
 Ignition                 Fire           2%         3d3       100%        8
 Infestation              Necr           2%         N/A       100%        8
 Lehudib's Crystal Spear  Conj/Erth      2%         10d2      100%        8
 Summon Horrible Things   Summ           2%         N/A       100%        8
 Chain Lightning          Conj/Air       16%        3d21      100%        9
 Death's Door             Necr           2%         N/A       100%        9
 Dragon's Call            Summ           2%         N/A       100%        9
 Fire Storm               Conj/Fire      2%         8d1       100%        9
 Polar Vortex             Ice            2%         N/A       100%        9
 Shatter                  Erth           2%         3d6*      100%        9


Dungeon Overview and Level Annotations

Branches:
Dungeon (15/15)            Temple (0/1) D:5            Lair (5/5) D:10
 Shoals (4/4) Lair:3       Spider (4/4) Lair:3        Slime (5/5) Lair:5
    Orc (2/2) D:11            Elf (3/3) Orc:2        Vaults (5/5) D:13
  Crypt (3/3) Vaults:2       Tomb (3/3) Crypt:3      Depths (4/4) D:15
   Hell (visited)             Dis (7/7) Hell            Geh (7/7) Hell
    Coc (7/7) Hell            Tar (7/7) Hell            Zot (5/5) Depths:4
Ossuary (visited)         Desolation (visited)      Gauntlet (visited)

Shops:
D:6 =   D:12 !*   D:15 [   Orc:2 !?(:   Elf:2 :   Elf:3 (   Vaults:1 [
Depths:1 :*   Depths:2 :==   Depths:3 (*[

Portals:
Hell: Depths:1 Depths:2 Depths:3 Depths:4
Abyss: Depths:1 Depths:3
Pandemonium: Depths:2
Ziggurat: Depths:4

Annotations:
D:15 1 runed translucent door
Zot:2 2 transporters, exclusion: obsidian statue


Innate Abilities, Weirdness & Mutations

You have an increased reservoir of magic. (+10% MP)
You shall have no god before yourself.
Your divine heritage dramatically boosts your attributes as you level up.
You possess an exceptional clarity of mind.


Message History

There is a stone staircase leading down here.
There is a stone staircase leading up here.
You fly upwards.
There is a stone staircase leading down here.
A bombardier beetle comes into view.
There is a stone staircase leading up here.
You fly upwards.
A hellephant comes into view.
There is a stone staircase leading down here.
The hellephant breathes flames at you. The blast of flame misses you.
A glowing orange brain comes into view.
The glowing orange brain pulsates.
The hellephant blinks!
The hellephant breathes flames at you. The blast of flame misses you.
There is a stone staircase leading up here.
The glowing orange brain pulsates.
The glowing orange brain radiates an aura of fear!
You are unaffected.
You fly upwards.
There is a stone staircase leading down here.
You see here a +0 spear.
There is a stone staircase leading up here.
You fly upwards.
There is a stone staircase leading down here.
There is a stone staircase leading up here.
You fly upwards.
There is a stone staircase leading down here.
There is a stone staircase leading up here.
You fly upwards.
There is a stone staircase leading down here.
You see here a +0 war axe.
There is a stone staircase leading up here.
You fly upwards.
There is a stone staircase leading down, spattered with blood here.
Things that are here:
a stone; a +0 whip
There is a staircase leading out of the dungeon here.
You have escaped!

##########
≈≈≈≈≈≈≈≈≈≈≈≈≈≈≈≈#
≈≈≈≈≈≈≈≈~≈≈≈~≈~~#
#≈≈≈≈≈≈~≈≈~~~~~~~#
#≈≈≈≈≈≈~.~~.~~~.~######
#≈≈≈≈~~~~~.~.....##...###
#≈≈≈≈≈~~........######...
#≈≈≈≈~~~~.......# #####.#
#≈≈≈~~~~@.......###......
#≈~~~~~8........[###.##.#
#≈~~.~......8..8.###.#.##
#≈~~~............##...###
#≈~~~.............##.####
#≈≈~~....(........##.##..
#≈~...................#.#
#≈~.~.........8..........
#≈~~~.###............>...


There were no monsters in sight!

Vanquished Creatures
  Cerebov (Pan)
  Asmodeus (Geh:7)
  Antaeus (Coc:7)
  Ereshkigal (Tar:7)
  Dissolution (Slime:3)
  the Royal Jelly (Slime:5)
  Gloorx Vloq (Pan)
  Mnoleg (Pan)
  Ignacio (Pan)
  Lom Lobon (Pan)
  A seraph (Pan)
  the Serpent of Hell (Tar:7)
  6 dread liches
  8 ancient liches
  3 orbs of fire
  Frederick (Crypt:1)
  Dispater (Dis:7)
  Mara (Elf:3)
  Mennas (Depths:3)
  5 juggernauts
  13 royal mummies
  4 Killer Klowns
  22 shard shrikes
  39 caustic shrikes
  A curse toe (Zot:2)
  14 golden dragons
  Geryon (Hell)
  Nikola (Elf:3)
  4 bone dragons
  2 pearl dragons (Pan)
  8 profane servitors
  47 Tzitzimimeh
  4 electric golems
  7 doom hounds
  46 pandemonium lords
  10 iron giants
  2 spectral shard shrikes (Tar:5)
  Rupert (D:15)
  36 Brimstone Fiends
  22 tentacled monstrosities
  Mlioglotl (Shoals:4)
  A shard shrike zombie (Hell)
  9 hellephants
  26 Hell Sentinels
  11 tainted leviathans
  3 deep elf master archers (Elf:3)
  43 Ice Fiends
  9 liches
  3 walking frostbound tomes (Pan)
  Asterion (Elf:2)
  27 Orb Guardians
  23 searing wretches
  3 deep elf blademasters
  20 titans
  43 ancient champions
  6 quicksilver dragons
  Polyphemus (Shoals:4)
  12 sphinxes
  21 acid blobs
  A kraken (Shoals:2)
  13 death cobs
  61 Executioners
  11 shadow dragons
  16 storm dragons
  Agnes (D:15)
  12 protean progenitors
  8 tengu reavers
  Aizul (Shoals:4)
  9 tentacled starspawn
  55 demonspawn warmongers (Pan)
  5 rockslimes
  13 draconian monks
  13 azure jellies
  A fenstrider witch (Pan)
  2 nagarajas (Pan)
  19 daevas
  11 revenants
  102 balrugs
  10 quicksilver elementals
  9 draconian knights
  5 deep elf sorcerers
  21 narguns
  18 fire giants
  9 draconian shifters
  8 draconian scorchers
  2 imperial myrmidons (Desolation)
  Louise (Elf:1)
  11 frost giants
  15 iron dragons
  4 shard shrike simulacra
  6 deep elf elementalists (Elf:3)
  7 ghost moths
  A juggernaut zombie (Crypt:3)
  3 spectral caustic shrikes
  A spectral juggernaut (Tar:4)
  24 angels (Pan)
  A ghoul (Crypt:1)
  66 cacodemons
  2 emperor scorpions
  19 vault wardens
  2 curse skulls (Pan)
  37 demonspawn corrupters (Pan)
  2 caustic shrike zombies
  25 ironbound preservers
  78 reapers
  11 draconian stormcallers
  5 caustic shrike skeletons
  15 draconian annihilators
  2 broodmothers
  13 stone giants
  34 demonspawn blood saints
  11 formless jellyfish
  13 very ugly things
  4 juggernaut skeletons
  25 elemental wellsprings
  4 ironbound thunderhulks
  12 black draconians
  10 quicksilver oozes
  29 apis (Pan)
  6 vampire knights
  11 green draconians
  14 ophanim (Pan)
  19 wendigos
  5 deep elf demonologists
  A halazid warlock (Desolation)
  32 demonspawn black suns (Pan)
  57 lorocyprocas
  5 deep elf death magi
  21 yellow draconians
  2 bennus (Tomb:2)
  16 putrid mouths
  19 red draconians
  5 deep elf annihilators
  2 spectral titans
  A minotaur (Gauntlet)
  9 dire elephants
  4 spark wasps
  16 purple draconians
  44 war gargoyles
  9 white draconians
  Azrael (D:12)
  29 iron golems
  9 eidola
  A spectral golden dragon (Tar:5)
  10 entropy weavers
  12 fire dragons
  9 jiangshi
  8 merfolk impalers
  66 blizzard demons
  2 spectral fenstrider witches
  16 ettins
  4 ragged hierophants (Desolation)
  22 mummy priests
  18 yaktaur captains
  3 quicksilver dragon zombies
  52 green deaths
  4 spectral spriggans
  A fenstrider witch zombie (Hell)
  16 rakshasas
  10 merfolk javelineers
  2 spriggan zombies
  29 vault guards
  A kraken zombie (Hell)
  12 deep elf high priests
  The ghost of Zirot the Basher, a journeyman GrFi of Okawaru (D:12)
  3 crystal guardians
  4 caustic shrike simulacra
  17 hell beasts
  Erolcha (D:9)
  10 servants of whispers (Desolation)
  7 jorogumos
  10 salamander tyrants
  14 ice dragons
  11 great orbs of eyes
  6 spriggan air magi
  12 peacekeepers
  3 hydras
  A quicksilver dragon skeleton (Hell)
  16 two-headed ogres
  A spectral shadow dragon (Tar:1)
  7 catoblepae
  7 merfolk aquamancers
  4 ogre magi
  Erica (D:10)
  3 satyrs
  8 stokers
  17 centaur warriors
  8 juggernaut simulacra
  2 two-headed ogres (shapeshifter)
  3 merfolk avatars
  9 boulder beetles
  2 spectral stone giants
  2 death knights (Crypt:1)
  A fenstrider witch skeleton (Tomb:1)
  12 ironbound frosthearts
  2 alligator snapping turtles
  11 deep troll earth magi
  2 tengu warriors
  An Orb Guardian skeleton (Crypt:3)
  104 death scarabs
  8 vampire magi
  27 dancing weapons
  93 demonic crawlers
  2 naga warriors (Abyss:3)
  9 deep troll shamans
  2 occultists (Depths:3)
  34 hell hogs
  4 spectral dire elephants
  6 thrashing horrors (Abyss:3)
  A titan zombie (Crypt:1)
  4 spectral nagas
  3 orc high priests (Orc:2)
  2 storm dragon zombies
  Sonja (D:10)
  14 crystal echidnas
  25 hell knights
  7 shock serpents
  326 sun demons
  10 death yaks
  153 soul eaters
  2 emperor scorpion zombies
  15 shadow wraiths
  A spectral death yak (Gauntlet)
  7 wretched stars
  23 deep elf knights
  7 hellephant skeletons (Pan)
  3 skysharks
  14 iron trolls
  2 spatial maelstroms (Abyss:3)
  2 salamander mystics (Depths:1)
  A golden dragon zombie (Depths:1)
  2 spectral bunyips (Tar:1)
  A spark wasp zombie (Crypt:1)
  An anaconda zombie (Tomb:3)
  A titan skeleton (Depths:1)
  2 fire crabs
  19 cherubim (Pan)
  10 spectral anacondas
  2 swamp dragons (Abyss:3)
  14 orb spiders
  A pharaoh ant (Spider:4)
  153 large abominations
  11 sea snakes
  22 skeletal warriors
  75 deep trolls
  A kraken simulacrum (Hell)
  5 flayed ghosts
  77 sixfirhies
  11 glowing orange brains
  11 deep elf archers
  A sun moth (shapeshifter) (Vaults:4)
  2 quicksilver dragon simulacra (Coc:6)
  A glowing orange brain (shapeshifter) (Vaults:4)
  12 sun moths
  66 shadow demons
  Pikel (D:8)
  7 arcanists
  18 phantasmal warriors
  A spectral iron dragon (Tar:3)
  16 harpies
  17 ironbound convokers
  A mana viper (shapeshifter) (Vaults:5)
  A spectral hydra (Tar:4)
  12 steelbarb worms
  4 orange crystal statues (D:15)
  A fenstrider witch simulacrum (Crypt:1)
  6 orc knights
  14 necromancers
  An anaconda skeleton (Hell)
  15 lindwurms
  5 spriggan simulacra
  2 bunyip skeletons (Hell)
  An obsidian statue (Depths:3)
  An alligator zombie (Tomb:2)
  33 deep elf pyromancers
  2 oklob plants (Zot:1)
  2 stone giant zombies
  23 starcursed masses
  5 orc sorcerers
  30 deep elf zephyrmancers
  A human zombie (Vaults:2)
  10 shining eyes
  A will-o-the-wisp (Abyss:3)
  12 fauns
  2 fauns (shapeshifter)
  25 manticores
  Maurice (D:10)
  A shining eye (shapeshifter) (Depths:4)
  27 ugly things
  4 spectral ettins
  18 wolf spiders
  A shadow dragon skeleton (Crypt:2)
  10 cyclopes
  4 salamanders
  A spectral centaur (Tar:2)
  4 worldbinders (Abyss:3)
  An alligator skeleton (Hell)
  A cyclops (shapeshifter) (Vaults:4)
  10 ice statues
  2 dire elephant zombies (Crypt:3)
  33 moths of wrath
  2 toenail golems (Pan)
  24 vault sentinels
  7 guardian serpents
  A guardian serpent (shapeshifter) (Vaults:5)
  13 meliai
  12 rust devils
  4 kobold blastminers (Orc:1)
  Joseph (D:8)
  4 Executioner simulacra (Pan)
  162 smoke demons
  3 black mambas
  13 water nymphs
  11 merfolk sirens
  An iron dragon skeleton (Abyss:3)
  2 apocalypse crabs (Abyss:3)
  10 molten gargoyles
  6 elephants (Lair:2)
  A storm dragon simulacrum (Coc:1)
  2 torpor snails (shapeshifter)
  4 gargoyles
  5 titan simulacra
  An eye of devastation (Slime:5)
  12 torpor snails
  11 cane toads
  3 naga skeletons
  A cane toad (shapeshifter) (Spider:2)
  94 hellions
  91 orange demons
  An alligator snapping turtle skeleton (Crypt:3)
  3 dire elephant skeletons
  3 centaur skeletons
  13 efreet
  2 sea snake zombies
  4 rime drakes
  6 komodo dragons
  Jeremiah (D:8)
  A kobold demonologist (D:11)
  26 yaktaurs
  46 guardian mummies
  20 ice devils
  75 tormentors
  11 freezing wraiths
  An unseen horror skeleton (Crypt:1)
  6 anaconda simulacra
  23 red devils
  Psyche (D:10)
  2 golden dragon simulacra
  A harpy zombie (Hell)
  5 tengu conjurers
  3 iron giant simulacra
  An iron troll skeleton (Crypt:3)
  A troll (shapeshifter) (Abyss:3)
  2 sea snake skeletons (Hell)
  2 hydra zombies (Hell)
  3 spectral harpies
  A merfolk (shapeshifter) (Elf:1)
  A shadow dragon simulacrum (Coc:1)
  3 silent spectres
  3 ancient zymes
  36 merfolk
  8 trolls
  Grinder (D:3)
  20 wind drakes
  5 polar bears
  A fire dragon zombie (Hell)
  86 hellwings
  19 blink frogs
  2 harpy skeletons
  A satyr zombie (Crypt:2)
  76 saltlings (Desolation)
  2 tyrant leeches (Zot:5)
  A hornet (shapeshifter) (D:15)
  6 raiju
  16 tarantellas
  A spectral dream sheep (Gauntlet)
  An ettin zombie (Crypt:3)
  A hydra skeleton (Hell)
  8 hornets
  2 iron dragon simulacra
  6 dream sheep (Lair:4)
  13 jumping spiders
  5 glass eyes
  A meliai zombie (Crypt:3)
  94 slime creatures
  17 snapping turtles
  Sigmund (D:3)
  3 spriggan skeletons
  14 culicivoras
  An ettin skeleton (Tomb:2)
  16 water elementals
  8 wraiths
  5 wyverns
  A naga simulacrum (Coc:1)
  48 yaks
  9 dire elephant simulacra
  139 ynoxinuls
  4 air elementals
  10 fire elementals
  10 ushabtiu
  3 alligator snapping turtle simulacra
  A wind drake zombie (Crypt:2)
  18 golden eyes
  A basilisk (shapeshifter) (D:14)
  3 basilisks
  10 fire bats
  2 steam dragons
  53 redbacks
  11 vampire mosquitoes
  130 chaos spawn
  5 small abominations
  3 swamp worms (Lair:2)
  26 harpy simulacra
  2 naga zombies
  65 neqoxecs
  An acid dragon (D:12)
  2 hydra simulacra
  4 nagas (Abyss:3)
  5 hell hounds
  4 ice beasts
  20 orc warriors
  A tengu skeleton (Depths:1)
  10 water moccasins
  5 black bears
  A swamp dragon zombie (Crypt:2)
  A black bear (shapeshifter) (Vaults:3)
  41 laughing skulls
  3 boggarts (Vaults:3)
  13 ogres
  9 centaurs
  7 ettin simulacra
  A tengu (shapeshifter) (Elf:1)
  2 swamp dragon skeletons
  4 wolves (Lair:1)
  A lemure (D:8)
  4 phantoms (D:6)
  19 bullfrogs
  2 kobold brigands (D:10)
  An elf zombie (Crypt:1)
  4 weeping skulls (Abyss:2)
  3 gnoll sergeants
  12 scorpions
  3 earth elementals (Elf:1)
  A warg zombie (Crypt:2)
  A human skeleton (Vaults:2)
  5 wights (Abyss:3)
  A howler monkey (D:13)
  11 electric eels
  A wolf skeleton (Crypt:2)
  2 bombardier beetles
  20 orc priests
  2 quasits
  3 hounds
  21 jellies
  7 iron imps
  16 orc wizards
  2 sleepcaps
  A boggart zombie (Crypt:1)
  3 iguanas
  A sky beast zombie (Crypt:3)
  57 mummies
  Robin (D:3)
  8 gnolls (D:9)
  7 adders
  A shadow imp (Abyss:2)
  5 white imps
  6 ufetubi
  2 dart slugs (D:1)
  60 orcs
  A spectral bat (Abyss:3)
  5 ball pythons
  6 endoplasms
  A giant cockroach (D:1)
  A gnoll zombie (Ossuary)
  13 goblins
  12 hobgoblins
  5 kobolds
  6 quokkas
  A river rat zombie (Crypt:3)
  5 bats
  A bat simulacrum (Abyss:3)
  2 frilled lizards
  A frilled lizard zombie (Crypt:2)
  5 hobgoblin zombies (Ossuary)
  A kobold zombie (Ossuary)
  An orc zombie (Ossuary)
  3 rats
  2 aspiring fleshes
  6 creeping infernos
  15 fire vortices
  2 starspawn tentacles
  7 tentacles
6502 creatures vanquished.

Vanquished Creatures (others)
  A caustic shrike (Dis:3)
  An eldritch tentacle (Pan)
  An Executioner (Pan)
  3 fire giants
  A draconian shifter (Zot:4)
  A shard shrike simulacrum (Coc:2)
  A lorocyproca (Hell)
  An iron golem (Dis:5)
  A blizzard demon (Pan)
  A caustic shrike simulacrum (Coc:6)
  3 juggernaut simulacra
  A merfolk aquamancer (Pan)
  An occultist (Depths:3)
  A deep elf knight (Elf:2)
  A shock serpent (Pan)
  3 hell hogs
  2 sun demons (Pan)
  A soul eater (Pan)
  A large abomination (Abyss:3)
  A quicksilver dragon simulacrum (Coc:7)
  A deep troll (Depths:3)
  An ironbound convoker (Desolation)
  2 deep elf zephyrmancers (Elf:1)
  A deep elf pyromancer (Elf:3)
  A salamander (Depths:1)
  A titan simulacrum (Coc:4)
  A smoke demon (Pan)
  A hellion (Pan)
  A bunyip simulacrum (Coc:1)
  A tormentor (Geh:2)
  An ice devil (Pan)
  A small abomination (Abyss:3)
  2 air elementals
  2 dire elephant simulacra
  A ynoxinul (Pan)
  A golden eye (shapeshifter) (Abyss:3)
  3 chaos spawn (Pan)
  A harpy simulacrum (Coc:1)
  2 ettin simulacra
  A centaur (D:10)
  A kobold brigand (D:6)
  2 scorpions
  An orc wizard (D:8)
  2 mummies (Tomb:2)
  An orc (D:10)
  A spectral bat (Abyss:3)
  2 ball lightnings (Pan)
  5 creeping infernos
  2 fire vortices
  4 foxfires (Abyss:3)
  4 lurking horrors (Abyss:3)
  21 starspawn tentacles
  27 tentacles
126 creatures vanquished.

Grand Total: 6628 creatures vanquished

Notes
Turn   | Place    | Note
-------+----------+-------------------------------------------
     0 | D:1      | Anaz the Demigod Fighter began the quest for the Orb.
     0 | D:1      | Reached XP level 1. HP: 18/18 MP: 3/3
   192 | D:1      | Reached XP level 2. HP: 25/25 MP: 4/4
   937 | D:2      | Reached XP level 3. HP: 31/31 MP: 5/5
  1278 | D:3      | Noticed Robin
  1297 | D:3      | Noticed Grinder
  1313 | D:3      | Killed Robin
  1331 | D:3      | Paralysed by Grinder for 2 turns
  1336 | D:3      | Paralysed by Grinder for 5 turns
  1341 | D:3      | Killed Grinder
  1342 | D:3      | Reached XP level 4. HP: 12/38 MP: 6/6
  1342 | D:3      | Reached XP level 5. HP: 15/45 MP: 7/7
  1545 | D:3      | Noticed Sigmund
  1639 | D:3      | Killed Sigmund
  1640 | D:3      | Reached skill level 5 in Long Blades
  1640 | D:3      | Reached XP level 6. HP: 51/51 MP: 8/8
  1808 | D:3      | You fall into a shaft and drop 3 floors!
  1858 | D:6      | Reached XP level 7. HP: 51/58 MP: 9/9
  1861 | D:6      | Reached skill level 1 in Dodging
  1933 | D:5      | Entered Level 5 of the Dungeon
  2239 | D:4      | Found a sand-covered staircase.
  2248 | Ossuary  | Entered an ossuary
  2361 | Ossuary  | Reached XP level 8. HP: 50/66 MP: 10/10
  3994 | D:5      | Found a staircase to the Ecumenical Temple.
  4355 | D:6      | Found Uliu's Jewellery Shop.
  5341 | D:7      | Reached XP level 9. HP: 72/72 MP: 11/11
  5983 | D:8      | Noticed Pikel
  6004 | D:8      | Noticed Jeremiah
  6012 | D:8      | Killed Pikel
  6013 | D:8      | Reached skill level 5 in Fighting
  6013 | D:8      | Reached skill level 10 in Long Blades
  6013 | D:8      | Reached skill level 5 in Armour
  6031 | D:8      | Killed Jeremiah
  6157 | D:8      | Noticed Joseph
  6174 | D:8      | Killed Joseph
  6175 | D:8      | Reached skill level 1 in Evocations
  6889 | D:9      | Noticed Erolcha
  7180 | D:9      | Reached XP level 10. HP: 49/81 MP: 13/13
  7245 | D:9      | Reached skill level 1 in Stealth
  7628 | D:10     | Entered Level 10 of the Dungeon
  7743 | D:10     | Noticed a two-headed ogre
  7767 | D:10     | Killed a two-headed ogre
  7816 | D:10     | Noticed a two-headed ogre
  7950 | D:10     | Killed a two-headed ogre
  8415 | D:10     | Noticed Maurice
  8420 | D:10     | Noticed Erica
  8431 | D:10     | Paralysed by something for 3 turns
  8442 | D:10     | Killed Erica
  8446 | D:10     | Something stole a maw talisman
  8447 | D:10     | Something stole a +0 trident
  8449 | D:10     | Something stole an orb of mayhem
  8450 | D:10     | Something stole 693 gold
  8451 | D:10     | Killed Maurice
  8452 | D:10     | Reached XP level 11. HP: 80/91 MP: 14/14
  8558 | D:10     | Reached skill level 5 in Shields
  8635 | D:10     | Found a staircase to the Lair.
  8916 | D:10     | Noticed Psyche
  9060 | D:10     | Noticed Sonja
  9070 | D:10     | Killed Sonja
  9188 | D:10     | Killed Psyche
  9849 | D:6      | Bought a +5 ring of evasion for 468 gold pieces
 10024 | D:11     | Found a staircase to the Orcish Mines.
 10409 | D:11     | Reached skill level 5 in Dodging
 10931 | D:12     | Noticed Azrael
 10982 | D:12     | Noticed a boulder beetle
 11062 | D:11     | Killed a boulder beetle
 11094 | D:11     | Reached XP level 12. HP: 89/101 MP: 15/15
 11192 | D:12     | Found Xairosim's General Store.
 11212 | D:12     | Found a runed translucent door.
 11215 | D:12     | Found a gate leading to a gauntlet.
 11222 | Gauntlet | Entered a Gauntlet
 11222 | Gauntlet | Found a transporter.
 11222 | Gauntlet | Found a runed translucent door.
 11222 | Gauntlet | Found a transporter.
 11246 | Gauntlet | Found a runed translucent door.
 11257 | Gauntlet | Found a transporter.
 11261 | Gauntlet | Found a transporter.
 11269 | Gauntlet | Found a transporter.
 11273 | Gauntlet | Found a transporter.
 11281 | Gauntlet | Found a transporter.
 11295 | Gauntlet | Found a runed translucent door.
 11297 | Gauntlet | Found a transporter.
 11299 | Gauntlet | Found a runed translucent door.
 11311 | Gauntlet | Found a transporter.
 11315 | Gauntlet | Found a transporter.
 11319 | Gauntlet | Noticed a catoblepas
 11323 | Gauntlet | Found a transporter.
 11327 | Gauntlet | Found a transporter.
 11467 | Gauntlet | Identified the ring of Yxumot {Wiz Int+6}
 11553 | Gauntlet | Noticed a minotaur
 11569 | Gauntlet | Killed a minotaur
 11804 | D:12     | Found Udontute's Distillery.
 11823 | D:12     | Noticed Zirot's ghost (journeyman GrFi)
 11848 | D:12     | Reached skill level 15 in Long Blades
 11923 | D:12     | Killed Azrael
 12560 | Lair:1   | Entered Level 1 of the Lair of Beasts
 13512 | Lair:2   | Reached XP level 13. HP: 92/111 MP: 16/16
 14585 | Lair:3   | Found a staircase to the Shoals.
 14730 | Lair:3   | You fall into a shaft and drop 1 floor!
 15149 | Lair:4   | Reached skill level 10 in Fighting
 15777 | Lair:3   | Found a hole to the Spider Nest.
 16075 | Lair:3   | Reached skill level 5 in Stealth
 16261 | Lair:5   | Entered Level 5 of the Lair of Beasts
 16878 | Lair:5   | Found a staircase to the Slime Pits.
 17277 | Lair:5   | Reached XP level 14. HP: 122/122 MP: 17/17
 17811 | Orc:1    | Entered Level 1 of the Orcish Mines
 17919 | Orc:2    | Entered Level 2 of the Orcish Mines
 18111 | Orc:1    | Got the Directory of Forceful Terrain
 18286 | Orc:2    | Paralysed by an orc sorcerer for 5 turns
 19134 | Orc:2    | Found Lufyuvuzye's Distillery.
 19134 | Orc:2    | Found Faxzuro's Magic Scroll Boutique.
 19136 | Orc:2    | Found Gebe Kyi's Weapon Shoppe.
 19136 | Orc:2    | Found Moifit's Book Boutique.
 19147 | Orc:2    | Bought a scroll of enchant weapon for 97 gold pieces
 19277 | Orc:2    | Found a staircase to the Elven Halls.
 19584 | Spider:1 | Entered Level 1 of the Spider Nest
 21113 | Spider:2 | You fall into a shaft and drop 1 floor!
 21167 | Spider:3 | Reached XP level 15. HP: 105/135 MP: 18/18
 21236 | Spider:3 | Paralysed by a jorogumo for 1 turns
 23234 | Spider:4 | Entered Level 4 of the Spider Nest
 24764 | Spider:4 | Reached XP level 16. HP: 123/147 MP: 3/19
 24919 | Spider:4 | Got a gossamer rune of Zot
 24980 | Spider:4 | Identified the +8 glaive of Lekluegom {venom, *Rage Fly
                  | rN++ SInv}
 25216 | Lair:1   | Upgraded the game from 0.31.0-4-g52a2dc7128 to
                  | 0.31.0-9-g3a7656b989
 25302 | Shoals:1 | Entered Level 1 of the Shoals
 25317 | Shoals:1 | Reached skill level 10 in Shields
 25546 | Shoals:1 | Reached skill level 15 in Fighting
 27086 | Shoals:2 | Noticed a kraken
 27123 | Shoals:2 | Killed a kraken
 27996 | Shoals:3 | Reached skill level 10 in Armour
 28816 | Shoals:4 | Entered Level 4 of the Shoals
 28850 | Shoals:4 | Identified the serpent talisman "Xumel" {*Slow Str+7 SInv}
 28850 | Shoals:4 | Noticed Aizul
 29353 | Shoals:4 | Reached XP level 17. HP: 158/159 MP: 20/20
 29481 | Shoals:4 | Killed Aizul
 29487 | Shoals:4 | Got a barnacled rune of Zot
 29618 | Shoals:4 | Noticed Polyphemus
 29649 | Shoals:4 | Killed Polyphemus
 29775 | Shoals:4 | Noticed Mlioglotl
 29793 | Shoals:4 | Killed Mlioglotl
 31099 | Shoals:4 | Reached skill level 10 in Dodging
 32037 | D:13     | Identified the +1 leather armour of Oreac {rPois rN++ Dex+3
                  | Stlth-}
 32121 | D:13     | Found a gate to the Vaults.
 32465 | D:14     | Found a runed translucent door.
 32480 | D:14     | Found a runed translucent door.
 32480 | D:14     | Found a runed translucent door.
 32480 | D:14     | Found the +5 Storm Queen's Shield {shock, Fly rElec}
 32539 | D:14     | Found a runed translucent door.
 32890 | D:14     | Identified the +3 trident "Avvaaj" {heavy, *Corrode rF+
                  | Will+ Str+7}
 33270 | D:15     | Entered Level 15 of the Dungeon
 33396 | D:15     | Found Kugehur's Armour Shoppe.
 33397 | D:15     | Noticed Agnes
 33406 | D:15     | Killed Agnes
 33475 | D:15     | Identified the +6 falchion of Makhleb's Regard {vamp,
                  | *Noise Will+ rCorr Str+6}
 33613 | D:15     | Noticed Rupert
 33714 | D:15     | Killed Rupert
 33716 | D:15     | Found a staircase to the Depths.
 33886 | D:15     | Found a runed translucent door.
 33888 | D:15     | Found the +10 tower shield of Ignorance {rN+ Int-4}
 33914 | D:15     | Found a runed translucent door.
 34758 | Vaults:1 | Entered Level 1 of the Vaults
 34944 | Vaults:1 | Reached XP level 18. HP: 172/172 MP: 21/21
 35752 | Vaults:1 | Found Jeci's Antique Armour Boutique.
 35761 | Vaults:1 | Bought a pair of glowing gloves for 262 gold pieces
 36449 | Vaults:2 | Found a staircase to the Crypt.
 36591 | Vaults:2 | Found a portal to a secret trove of treasure.
 38228 | Vaults:3 | Paralysed by a formless jellyfish for 1 turns
 38843 | Vaults:3 | Reached XP level 19. HP: 183/183 MP: 22/22
 40338 | Vaults:4 | Noticed a golden dragon
 40391 | Vaults:4 | Identified the +0 scale mail of Ru's Supremacy {rC+}
 40728 | Vaults:4 | Killed a golden dragon
 41853 | Elf:1    | Entered Level 1 of the Elven Halls
 41855 | Elf:1    | Noticed Louise
 41926 | Elf:1    | Killed Louise
 42001 | Elf:1    | Found a crumbling gateway.
 42006 | Desolati | Entered the Desolation of Salt
 42317 | Desolati | Identified the +2 plate armour of Foolhardiness {rPois}
 42319 | Desolati | Identified the +2 plate armour "Teumutt" {rN+ Will+}
 42488 | Desolati | Identified the amulet of Zedawk {rN+ Regen+ MP+9 Str+5}
 42721 | Desolati | Identified the +0 arbalest of the Land of Plenty {penet,
                  | Fly rF- rCorr}
 42768 | Desolati | Identified the +7 plate armour of the Mantidfly {rF+ rCorr}
 42922 | Desolati | Reached skill level 15 in Shields
 43040 | Desolati | Identified the amulet "Ajat" {Faith +Inv Regen+ Int-5
                  | Dex-5}
 43098 | Desolati | Reached XP level 20. HP: 174/192 MP: 24/24
 43113 | Desolati | Identified the ring "Dinug" {rCorr Str+4 Dex+2}
 43380 | Desolati | Got Istrerghu's Codex of Vexatious Argyropoeia
 43426 | Desolati | Identified the amulet "Violeun" {Spirit Harm +Blink rN+}
 43428 | Desolati | Identified the ring "Ydihet" {rPois Int+6}
 43565 | Desolati | Identified the +1 robe of Reyc {rElec rN+ Slay+3}
 44426 | Elf:2    | Found Otyeff's Book Boutique.
 44867 | Elf:2    | Found a runed translucent door.
 45047 | Elf:2    | Found a runed translucent door.
 45364 | Elf:2    | Noticed Asterion
 45373 | Elf:2    | Killed Asterion
 45959 | Lair:1   | Gained mutation: Your mind is acute. (Int +4, Str/Dex -1)
                  | [potion of mutation]
 45959 | Lair:1   | Lost mutation: Your mind is acute. (Int +4, Str/Dex -1)
                  | [potion of mutation]
 45959 | Lair:1   | Gained mutation: You have supernaturally acute eyesight.
                  | (SInv) [potion of mutation]
 46093 | Elf:3    | Entered Level 3 of the Elven Halls
 46250 | Elf:3    | Noticed Nikola
 46261 | Elf:3    | Noticed Mara
 46267 | Elf:3    | Killed Nikola
 46269 | Elf:3    | Noticed Anaz's illusion
 46623 | Elf:3    | Found Etugh's Weapon Emporium.
 46771 | Elf:3    | Killed Mara
 47481 | Elf:3    | Reached XP level 21. HP: 198/199 MP: 25/25
 47553 | Elf:3    | Identified the ring of Ditoeh {rN+ MP+9 Str+3}
 47590 | Elf:3    | Identified the +2 ring mail of the Endless Expanse {rF++}
 47813 | Elf:3    | Got Sif Muna's Compendium of the Summer and Ceraunoscopy
 47864 | Elf:3    | Identified a scroll of acquirement
 47878 | Elf:3    | Acquired the +1 scale mail of Distant Worlds {rElec Will+++
                  | Int-5 Dex-4}
 47959 | Elf:3    | Got the Secrets of Sizzling Clay
 48352 | Depths:1 | Entered Level 1 of the Depths
 48819 | Depths:1 | Found Iveyll's Self-Published Books.
 48843 | Depths:1 | Found Naon's Demolitions Depot.
 49065 | Depths:1 | Identified the +3 chain mail of Xosad {rPois Str+8 Dex-2
                  | Stlth-}
 49068 | Depths:1 | Acquired the ring "Rysotiu" {rN+ Will+ Dex+6}
 49094 | Depths:1 | Found a one-way gate to the infinite horrors of the Abyss.
 49273 | Depths:1 | Found a gateway to Hell.
 49371 | Depths:2 | Found a one-way gate leading to the halls of Pandemonium.
 49887 | Depths:2 | Noticed a golden dragon
 49920 | Depths:2 | Killed a golden dragon
 50273 | Depths:2 | Found Fialiuxu's Book Emporium.
 50274 | Depths:2 | Found Mehia's Jewellery Boutique.
 50274 | Depths:2 | Found Loploj's Jewellery Boutique.
 50798 | Depths:3 | Gained mutation: Armour fits poorly on your strangely
                  | shaped body. [a cacodemon]
 50974 | Depths:2 | Lost mutation: You have supernaturally acute eyesight.
                  | (SInv) [potion of mutation]
 50974 | Depths:2 | Lost mutation: Armour fits poorly on your strangely shaped
                  | body. [potion of mutation]
 50974 | Depths:2 | Gained mutation: You expend magic power (3 MP) to
                  | strengthen your wands. [potion of mutation]
 50974 | Depths:2 | Gained mutation: You are partially covered in iridescent
                  | scales. (AC +2) [potion of mutation]
 51437 | Depths:3 | Noticed Mennas
 51452 | Depths:3 | Killed Mennas
 51534 | Depths:3 | Found Luathreu's Armour Boutique.
 51598 | Depths:3 | Found Arhaotse's Antique Weapon Shoppe.
 51634 | Depths:3 | Noticed a golden dragon
 51654 | Depths:3 | Killed a golden dragon
 51655 | Depths:3 | Reached XP level 22. HP: 213/217 MP: 26/26
 51961 | Depths:3 | Found Jop Umepn's General Store.
 51969 | Depths:3 | Bought a scroll of fear for 72 gold pieces
 51969 | Depths:3 | Bought a scroll of fear for 72 gold pieces
 52110 | Depths:4 | Entered Level 4 of the Depths
 52114 | Depths:4 | Noticed a caustic shrike
 52116 | Depths:4 | Noticed a caustic shrike
 52175 | Depths:4 | Noticed a caustic shrike
 52191 | Depths:3 | Killed a caustic shrike
 52199 | Depths:3 | Killed a caustic shrike
 52349 | Depths:4 | Noticed a caustic shrike
 52349 | Depths:4 | Noticed a caustic shrike
 52359 | Depths:3 | Reached skill level 5 in Evocations
 52402 | Depths:4 | Noticed a caustic shrike
 52402 | Depths:4 | Noticed a caustic shrike
 52419 | Depths:3 | Killed a caustic shrike
 52423 | Depths:3 | Killed a caustic shrike
 52502 | Depths:3 | Killed a caustic shrike
 52504 | Depths:4 | Noticed a caustic shrike
 52509 | Depths:4 | Killed a caustic shrike
 52530 | Depths:3 | Killed a caustic shrike
 52534 | Depths:3 | Killed a caustic shrike
 52777 | Depths:4 | Found a one-way gateway to a ziggurat.
 52966 | Depths:4 | Found a gate to the Realm of Zot.
 53374 | Depths:4 | Identified the +5 trident of Gallantry {antimagic, rF+}
 54904 | Vaults:5 | Entered Level 5 of the Vaults
 55333 | Vaults:5 | Noticed an ancient lich
 55497 | Vaults:4 | Reached XP level 23. HP: 227/227 MP: 27/27
 55509 | Vaults:5 | Identified the staff of Exquisite Torment {^Drain Dex+4
                  | Conj Tloc Earth}
 55519 | Vaults:5 | Killed an ancient lich
 55577 | Vaults:5 | Identified the +0 battleaxe of the Vestibule of Hell
                  | {freeze, rElec Stlth+}
 55625 | Vaults:5 | Got the Folio of the Caves
 55635 | Vaults:5 | Got the Quarto of the Jinx and Wildfire
 55651 | Vaults:5 | Got a silver rune of Zot
 55670 | Vaults:5 | Got the Folio of the Excursion and Interference
 55737 | Vaults:5 | Identified the +3 lajatang of Xyanteiw {drain, Will+}
 56322 | Vaults:5 | Noticed an ancient lich
 56341 | Vaults:5 | Killed an ancient lich
 56625 | Vaults:5 | Identified the +2 kite shield of Copnuqocw {rElec Will-
                  | rCorr Int+5}
 57359 | Vaults:5 | Identified the +1 robe "Jouf" {Harm Will+ rCorr Int-2}
 57359 | Vaults:5 | Identified the amulet of Ru's Approval {Reflect Dex+4 SH+5}
 57368 | Vaults:5 | Identified the ring of the Riding Gods {rC+ Will+ Str-3
                  | Dex+6}
 57470 | Vaults:5 | Identified the +2 ring mail "Tellodah" {^Drain rElec rN+
                  | Int+4}
 57481 | Vaults:5 | Got the Reference Book on the Assistive Chill
 57483 | Vaults:5 | Got the Excursus on Adjuration and Firn
 57514 | Vaults:5 | Identified the staff of Forgiveness {^Fragile Str+5 Int+4
                  | Conj}
 58712 | Slime:1  | Entered Level 1 of the Pits of Slime
 58788 | Slime:2  | Gained mutation: You occasionally lose the ability to drink
                  | potions when taking damage. [a shining eye]
 58858 | Slime:2  | Gained mutation: You do not regenerate when monsters are
                  | visible. [a shining eye]
 58859 | Slime:2  | Gained mutation: Your spells are a little easier to cast,
                  | but a little less powerful. [a shining eye]
 58923 | Slime:2  | Gained mutation: You are frail. (-10% HP) [a shining eye]
 59015 | Slime:1  | Lost mutation: Your spells are a little easier to cast, but
                  | a little less powerful. [potion of mutation]
 59015 | Slime:1  | Lost mutation: You are partially covered in iridescent
                  | scales. (AC +2) [potion of mutation]
 59015 | Slime:1  | Lost mutation: You do not regenerate when monsters are
                  | visible. [potion of mutation]
 59015 | Slime:1  | Gained mutation: Your muscles are strong. (Str +4, Int/Dex
                  | -1) [potion of mutation]
 59015 | Slime:1  | Gained mutation: You do not regenerate when monsters are
                  | visible. [potion of mutation]
 59015 | Slime:1  | Gained mutation: Your flesh is heat resistant. (rF+)
                  | [potion of mutation]
 59016 | Slime:1  | Lost mutation: You do not regenerate when monsters are
                  | visible. [potion of mutation]
 59016 | Slime:1  | Lost mutation: You expend magic power (3 MP) to strengthen
                  | your wands. [potion of mutation]
 59016 | Slime:1  | Lost mutation: Your flesh is heat resistant. (rF+) [potion
                  | of mutation]
 59016 | Slime:1  | Gained mutation: You are very frail. (-20% HP) [potion of
                  | mutation]
 59016 | Slime:1  | Lost mutation: You are very frail. (-20% HP) [potion of
                  | mutation]
 59016 | Slime:1  | Gained mutation: You have very sharp teeth. [potion of
                  | mutation]
 59016 | Slime:1  | Gained mutation: You have sharp fingernails. [potion of
                  | mutation]
 59017 | Slime:1  | Lost mutation: You have very sharp teeth. [potion of
                  | mutation]
 59017 | Slime:1  | Lost mutation: Your muscles are strong. (Str +4, Int/Dex
                  | -1) [potion of mutation]
 59017 | Slime:1  | Lost mutation: You have sharp fingernails. [potion of
                  | mutation]
 59017 | Slime:1  | Gained mutation: Your mind is acute. (Int +4, Str/Dex -1)
                  | [potion of mutation]
 59017 | Slime:1  | Lost mutation: Your mind is acute. (Int +4, Str/Dex -1)
                  | [potion of mutation]
 59017 | Slime:1  | Gained mutation: You have a somewhat thin skeletal
                  | structure. (Dex +2, Stealth+) [potion of mutation]
 59018 | Slime:1  | Lost mutation: You have a somewhat thin skeletal structure.
                  | (Dex +2, Stealth+) [potion of mutation]
 59018 | Slime:1  | Lost mutation: You are frail. (-10% HP) [potion of
                  | mutation]
 59018 | Slime:1  | Gained mutation: You sometimes lose your temper in combat.
                  | [potion of mutation]
 59019 | Slime:1  | Lost mutation: You occasionally lose the ability to drink
                  | potions when taking damage. [potion of mutation]
 59019 | Slime:1  | Lost mutation: You sometimes lose your temper in combat.
                  | [potion of mutation]
 59019 | Slime:1  | Gained mutation: You possess an exceptional clarity of
                  | mind. [potion of mutation]
 59019 | Slime:1  | Gained mutation: Potions are less effective at restoring
                  | your health. [potion of mutation]
 59019 | Slime:1  | Gained mutation: You are strong-willed. (Will+) [potion of
                  | mutation]
 59139 | Slime:3  | Noticed Dissolution
 59172 | Slime:3  | Paralysed by a formless jellyfish for 1 turns
 59174 | Slime:3  | Killed Dissolution
 59525 | Slime:5  | Entered Level 5 of the Pits of Slime
 60124 | Slime:5  | Gained mutation: You are vulnerable to cold. (rC-) [a
                  | shining eye]
 60241 | Slime:5  | Noticed the Royal Jelly
 60292 | Slime:5  | Lost mutation: You possess an exceptional clarity of mind.
                  | [a shining eye]
 60294 | Slime:5  | Gained mutation: Your spells are a little easier to cast,
                  | but a little less powerful. [a shining eye]
 60337 | Slime:5  | Reached XP level 24. HP: 230/238 MP: 27/27
 60355 | Slime:5  | Found the +8 mithril axe "Arga" {speed, Will+}
 60358 | Slime:5  | Found the +5 moon troll leather armour {Spirit, Regen++
                  | MP+5}
 60504 | Slime:5  | Killed the Royal Jelly
 60605 | Slime:5  | Identified the ring of Zimeir {rC+ rCorr Str+3 SInv Stlth-}
 60624 | Slime:5  | Got a slimy rune of Zot
 60675 | Slime:5  | Identified the ring of Xefy {rElec rN+ EV+5 Stlth-}
 60943 | Lair:1   | Lost mutation: Potions are less effective at restoring your
                  | health. [potion of mutation]
 60943 | Lair:1   | Lost mutation: You are strong-willed. (Will+) [potion of
                  | mutation]
 60943 | Lair:1   | Lost mutation: Your spells are a little easier to cast, but
                  | a little less powerful. [potion of mutation]
 60943 | Lair:1   | Gained mutation: You are partially covered in iridescent
                  | scales. (AC +2) [potion of mutation]
 60944 | Lair:1   | Lost mutation: You are vulnerable to cold. (rC-) [potion of
                  | mutation]
 60944 | Lair:1   | Lost mutation: You are partially covered in iridescent
                  | scales. (AC +2) [potion of mutation]
 60944 | Lair:1   | Gained mutation: You do not regenerate when monsters are
                  | visible. [potion of mutation]
 61019 | D:12     | Bought 2 potions of mutation for 192 gold pieces
 61059 | D:12     | Bought a potion of mutation for 112 gold pieces
 61172 | Orc:2    | Bought a potion of mutation for 120 gold pieces
 61358 | D:9      | Killed Erolcha
 61538 | D:12     | Killed Zirot's ghost
 62690 | Depths:1 | Voluntarily entered the Abyss.
 63201 | Depths:1 | Escaped the Abyss
 63355 | Depths:1 | Voluntarily entered the Abyss.
 63600 | Depths:1 | Escaped the Abyss
 63928 | Depths:1 | Voluntarily entered the Abyss.
 64105 | Abyss:3  | Reached skill level 10 in Evocations
 65020 | Abyss:3  | Got an abyssal rune of Zot
 65042 | Depths:1 | Escaped the Abyss
 65608 | Crypt:1  | Entered Level 1 of the Crypt
 66133 | Crypt:1  | Identified the orb "Woelisoa" {*channel, rN++ Alchemy}
 66133 | Crypt:1  | Noticed Frederick
 66150 | Crypt:1  | Killed Frederick
 66537 | Crypt:2  | Identified the +1 ring mail of Going Fast {rF+ Str+3 Dex-5}
 67277 | Crypt:3  | Entered Level 3 of the Crypt
 67731 | Crypt:3  | Reached XP level 25. HP: 141/250 MP: 27/27
 67944 | Crypt:3  | Got the Compilation of the Charnel House
 68009 | Crypt:3  | Found the +2 hat of the Bear Spirit {Spirit, Bear, *Rage
                  | Will++}
 68024 | Crypt:3  | Identified the +2 rapier "Taeritri" {flame, rF+}
 68255 | Crypt:3  | Got the Spellbook of Ointment
 68423 | Crypt:3  | Found a staircase to the Tomb.
 68742 | Vaults:2 | You paid a toll of 8 scrolls of fear to enter a treasure
                  | trove
 68743 | Trove    | Entered a treasure trove
 68769 | Trove    | Identified the +3 pair of gloves of the Unicorn {Rampage
                  | rPois rN+ MP-9}
 68780 | Trove    | Identified the ring of Vuirchie {Ice rElec}
 68786 | Trove    | Identified the ring "Ettog" {rElec rF- MP+9 Dex+2}
 68811 | Trove    | Identified the +0 pair of gloves of Feent {rF+}
 69139 | Hell     | Entered the Vestibule of Hell
 69139 | Hell     | Noticed Geryon
 69147 | Hell     | Killed Geryon
 69550 | Depths:1 | Reached skill level 1 in Throwing
 69829 | Hell     | Found a gateway to the decaying netherworld of Tartarus.
 69993 | Hell     | Found a gateway to the ashen valley of Gehenna.
 70083 | Hell     | Found a gateway to the Iron City of Dis.
 70298 | Geh:1    | Entered Level 1 of Gehenna
 70499 | Geh:1    | You are sucked into a shaft and drop 1 floor!
 70919 | Geh:3    | Reached skill level 15 in Dodging
 70931 | Geh:3    | HP: 8/235 [Brimstone Fiend/damnation (42)]
 71075 | Geh:3    | Noticed an ancient lich
 71077 | Geh:3    | Killed an ancient lich
 71093 | Geh:3    | Lost mutation: You do not regenerate when monsters are
                  | visible. [potion of mutation]
 71093 | Geh:3    | Gained mutation: You have sharp fingernails. [potion of
                  | mutation]
 71093 | Geh:3    | Gained mutation: You are weak. (Str -2) [potion of
                  | mutation]
 71093 | Geh:3    | Gained mutation: You have a pair of small horns on your
                  | head. [potion of mutation]
 72184 | Geh:7    | Entered Level 7 of Gehenna
 72512 | Geh:7    | Reached skill level 5 in Throwing
 72626 | Geh:7    | Reached XP level 26. HP: 264/264 MP: 27/27
 73137 | Geh:7    | Identified the +10 great sword "Ziniumaw" {speed, SInv}
 73368 | Geh:7    | Found the +13 sceptre of Asmodeus
 73368 | Geh:7    | Noticed Asmodeus
 73585 | Geh:7    | Killed Asmodeus
 73652 | Geh:7    | Got the Discursus on Chilblains and Reconfiguration
 73654 | Geh:7    | Got an obsidian rune of Zot
 73659 | Geh:7    | Identified the +2 shortbow "Ximakh" {flame, rElec Int+4}
 73870 | Dis:1    | Entered Level 1 of the Iron City of Dis
 74605 | Dis:3    | Reached skill level 27 in Fighting
 75924 | Dis:6    | Noticed a juggernaut
 75924 | Dis:6    | Noticed a juggernaut
 76014 | Dis:6    | Killed a juggernaut
 76056 | Dis:6    | Killed a juggernaut
 76425 | Dis:6    | Reached XP level 27. HP: 273/273 MP: 27/27
 76482 | Dis:7    | Entered Level 7 of the Iron City of Dis
 77031 | Dis:7    | Learned a level 2 spell: Blink
 77097 | Dis:7    | Reached skill level 1 in Air Magic
 77165 | Dis:7    | Noticed a juggernaut
 77178 | Dis:7    | Killed a juggernaut
 77713 | Dis:7    | Identified the +2 ring mail of the Orb {rPois Str+2 Dex+5
                  | Slay-2}
 77907 | Dis:7    | Noticed a juggernaut
 77925 | Dis:7    | Killed a juggernaut
 78152 | Dis:7    | Reached skill level 5 in Air Magic
 78277 | Dis:7    | Reached skill level 10 in Throwing
 78427 | Dis:7    | Noticed a juggernaut
 78435 | Dis:7    | Killed a juggernaut
 78474 | Dis:7    | Reached skill level 1 in Translocations
 78648 | Dis:7    | Identified the amulet of Gublyiw {rN+ Regen+}
 78786 | Dis:7    | Noticed Dispater
 78857 | Dis:7    | Killed Dispater
 78902 | Dis:7    | Identified the +1 scale mail "Siruuhot" {+Blink rElec}
 78909 | Dis:7    | Got an iron rune of Zot
 78910 | Dis:7    | Identified the +7 rapier "Uqoskir" {drain, *Rage rPois rC+
                  | Int+3}
 79521 | Pan      | Entered Pandemonium
 79549 | Pan      | Noticed Ignacio
 79563 | Pan      | Killed Ignacio
 80030 | Pan      | Noticed Asudoidu the pandemonium lord
 80041 | Pan      | Killed Asudoidu the pandemonium lord
 80139 | Pan      | Identified the +5 scale mail of Youthful Indiscretion {Harm
                  | rCorr Str+2 Int+6 Slay-2}
 80456 | Pan      | Learned a level 3 spell: Swiftness
 80609 | Pan      | Found an exit through the horrors of the Abyss.
 80992 | Pan      | Gained mutation: You are agile. (Dex +4, Str/Int -1) [a
                  | cacodemon]
 81369 | Pan      | Noticed Ugelaf Xuff the pandemonium lord
 81377 | Pan      | Killed Ugelaf Xuff the pandemonium lord
 81665 | Pan      | Entered the realm of Lom Lobon.
 82444 | Pan      | Noticed Lom Lobon
 82551 | Pan      | Killed Lom Lobon
 82713 | Pan      | Got a magical rune of Zot
 82916 | Pan      | Reached skill level 5 in Translocations
 83305 | Pan      | Found a huge runed translucent gate.
 83533 | Pan      | Found a huge runed translucent gate.
 83534 | Pan      | Found a huge runed translucent gate.
 83534 | Pan      | Found a huge runed translucent gate.
 83534 | Pan      | Found a huge runed translucent gate.
 83534 | Pan      | Found a huge runed translucent gate.
 83536 | Pan      | Found a huge runed translucent gate.
 83672 | Pan      | Gained mutation: Your body sometimes deteriorates upon
                  | taking damage. [a neqoxec]
 83787 | Pan      | Identified the +8 long sword "Mumauscheq" {freeze, *Rage
                  | rC+ Int+4 Dex+2}
 84122 | Pan      | Reached skill level 10 in Air Magic
 84513 | Pan      | Found a huge runed translucent gate.
 84515 | Pan      | Found a huge runed translucent gate.
 84516 | Pan      | Found a huge runed translucent gate.
 84516 | Pan      | Found a huge runed translucent gate.
 84516 | Pan      | Found a huge runed translucent gate.
 84516 | Pan      | Found a huge runed translucent gate.
 84518 | Pan      | Found a huge runed translucent gate.
 84782 | Pan      | Noticed Udghoics the pandemonium lord
 84814 | Pan      | Killed Udghoics the pandemonium lord
 85468 | Pan      | Found a huge runed translucent gate.
 85586 | Pan      | Found a huge runed translucent gate.
 85587 | Pan      | Found a huge runed translucent gate.
 85587 | Pan      | Found a huge runed translucent gate.
 85587 | Pan      | Found a huge runed translucent gate.
 85587 | Pan      | Found a huge runed translucent gate.
 85587 | Pan      | Found a huge runed translucent gate.
 85698 | Pan      | Noticed Rugiezob the pandemonium lord
 85713 | Pan      | Killed Rugiezob the pandemonium lord
 85792 | Pan      | Entered the realm of Gloorx Vloq.
 86749 | Pan      | Noticed Gloorx Vloq
 86763 | Pan      | Killed Gloorx Vloq
 86884 | Pan      | Got a dark rune of Zot
 87271 | Pan      | Found an exit through the horrors of the Abyss.
 87734 | Pan      | Reached skill level 27 in Shields
 87734 | Pan      | Noticed Mefex the pandemonium lord
 87746 | Pan      | Killed Mefex the pandemonium lord
 88646 | Pan      | Noticed Fuxolur the pandemonium lord
 88651 | Pan      | Killed Fuxolur the pandemonium lord
 88737 | Depths:2 | Escaped Pandemonium
 88877 | D:12     | Bought 2 potions of haste for 280 gold pieces
 88877 | D:12     | Bought a potion of haste for 140 gold pieces
 88877 | D:12     | Bought a potion of berserk rage for 70 gold pieces
 89021 | Depths:2 | Learned a level 4 spell: Summon Lightning Spire
 89024 | Pan      | Entered Pandemonium
 89060 | Pan      | Learned a level 4 spell: Vhi's Electric Charge
 89141 | Pan      | Reached skill level 27 in Long Blades
 89548 | Pan      | Got a demonic rune of Zot
 89549 | Pan      | Noticed Wykisouno the pandemonium lord
 89553 | Pan      | Killed Wykisouno the pandemonium lord
 89629 | Pan      | Found an exit through the horrors of the Abyss.
 90122 | Pan      | Noticed Reddisk the pandemonium lord
 90131 | Pan      | Killed Reddisk the pandemonium lord
 90233 | Pan      | Reached skill level 1 in Spellcasting
 90288 | Pan      | Identified the +0 scale mail of the Good {Fly rN+ Stlth+}
 90298 | Pan      | Found a runed translucent door.
 90447 | Pan      | Reached skill level 10 in Translocations
 91300 | Pan      | Reached skill level 15 in Armour
 91475 | Pan      | Found a runed translucent door.
 91483 | Pan      | Identified the +8 halberd "Wiliduib" {flame, *Noise Str+3
                  | Dex+2}
 91488 | Pan      | Found a runed translucent door.
 91495 | Pan      | Found a runed translucent door.
 91778 | Pan      | Found a runed translucent door.
 92188 | Pan      | Noticed Xoes Padesk the pandemonium lord
 92196 | Pan      | Killed Xoes Padesk the pandemonium lord
 92206 | Pan      | Identified the amulet of Doexu {RegenMP rN+}
 92567 | Pan      | Gained mutation: You are very weak. (Str -4) [a cacodemon]
 92572 | Pan      | Gained mutation: Your body often deteriorates upon taking
                  | damage. [a cacodemon]
 92668 | Pan      | Lost mutation: You are agile. (Dex +4, Str/Int -1) [potion
                  | of mutation]
 92668 | Pan      | Lost mutation: You are very weak. (Str -4) [potion of
                  | mutation]
 92668 | Pan      | Lost mutation: Your body often deteriorates upon taking
                  | damage. [potion of mutation]
 92668 | Pan      | Gained mutation: You have a pair of horns on your head.
                  | [potion of mutation]
 93179 | Pan      | Gained mutation: You are agile. (Dex +4, Str/Int -1) [a
                  | neqoxec]
 93198 | Pan      | Gained mutation: You are vulnerable to heat. (rF-) [a
                  | neqoxec]
 93211 | Pan      | Lost mutation: You are vulnerable to heat. (rF-) [potion of
                  | mutation]
 93211 | Pan      | Lost mutation: You are weak. (Str -2) [potion of mutation]
 93211 | Pan      | Gained mutation: Your natural rate of healing is unusually
                  | fast. [potion of mutation]
 93608 | Pan      | Got Wipn's Disquisition on Topomancy and the Sphinx
 93640 | Pan      | Noticed Lyimatous the pandemonium lord
 93643 | Pan      | Lost mutation: You are agile. (Dex +4, Str/Int -1) [a
                  | cacodemon]
 93652 | Pan      | Killed Lyimatous the pandemonium lord
 94099 | Pan      | Reached skill level 5 in Spellcasting
 94156 | Pan      | Noticed Jymiw the pandemonium lord
 94163 | Pan      | Killed Jymiw the pandemonium lord
 94396 | Depths:2 | Escaped Pandemonium
 94735 | Pan      | Entered Pandemonium
 94903 | Pan      | Noticed Uzxurr the pandemonium lord
 94904 | Pan      | Killed Uzxurr the pandemonium lord
 95059 | Pan      | Found an exit through the horrors of the Abyss.
 95522 | Pan      | Noticed Boghoag the pandemonium lord
 95892 | Pan      | Killed Boghoag the pandemonium lord
 96810 | Pan      | Entered the realm of Mnoleg.
 96853 | Pan      | Reached skill level 1 in Shapeshifting
 96986 | Pan      | Noticed Mnoleg
 97006 | Pan      | Killed Mnoleg
 97621 | Pan      | Gained mutation: You sometimes lose your temper in combat.
                  | [a cacodemon]
 97627 | Pan      | Gained mutation: You are occasionally teleported next to
                  | monsters. [a cacodemon]
 97699 | Pan      | Got a glowing rune of Zot
 97799 | Pan      | Gained mutation: You occasionally shout uncontrollably at
                  | your foes. [a neqoxec]
 97974 | Pan      | Lost mutation: You have a pair of horns on your head.
                  | [potion of mutation]
 97974 | Pan      | Lost mutation: You have a pair of small horns on your head.
                  | [potion of mutation]
 97974 | Pan      | Gained mutation: You frequently scream uncontrollably at
                  | your foes. [potion of mutation]
 97975 | Pan      | Lost mutation: Your natural rate of healing is unusually
                  | fast. [potion of mutation]
 97975 | Pan      | Lost mutation: You sometimes lose your temper in combat.
                  | [potion of mutation]
 97975 | Pan      | Gained mutation: You are frail. (-10% HP) [potion of
                  | mutation]
 97976 | Pan      | Lost mutation: You frequently scream uncontrollably at your
                  | foes. [potion of mutation]
 97976 | Pan      | Lost mutation: You are frail. (-10% HP) [potion of
                  | mutation]
 97976 | Pan      | Lost mutation: You have sharp fingernails. [potion of
                  | mutation]
 97976 | Pan      | Gained mutation: You are covered in fur. (AC +1) [potion of
                  | mutation]
 97976 | Pan      | Gained mutation: Your spells are a little easier to cast,
                  | but a little less powerful. [potion of mutation]
 97977 | Pan      | Lost mutation: You are covered in fur. (AC +1) [potion of
                  | mutation]
 97977 | Pan      | Lost mutation: Your spells are a little easier to cast, but
                  | a little less powerful. [potion of mutation]
 97977 | Pan      | Lost mutation: You are occasionally teleported next to
                  | monsters. [potion of mutation]
 97977 | Pan      | Gained mutation: You frequently scream uncontrollably at
                  | your foes. [potion of mutation]
 97977 | Pan      | Gained mutation: You are frail. (-10% HP) [potion of
                  | mutation]
 97978 | Pan      | Lost mutation: You are frail. (-10% HP) [potion of
                  | mutation]
 97978 | Pan      | Lost mutation: Your body sometimes deteriorates upon taking
                  | damage. [potion of mutation]
 97978 | Pan      | Gained mutation: You do not regenerate when monsters are
                  | visible. [potion of mutation]
 97979 | Pan      | Lost mutation: You do not regenerate when monsters are
                  | visible. [potion of mutation]
 97979 | Pan      | Lost mutation: You frequently scream uncontrollably at your
                  | foes. [potion of mutation]
 97979 | Pan      | Gained mutation: You are somewhat resistant to further
                  | mutation. [potion of mutation]
 97981 | Pan      | Entered the realm of Cerebov.
 98087 | Pan      | Found an exit through the horrors of the Abyss.
 98117 | Pan      | Identified the +6 whip "Usteage" {spect, Will+}
 98139 | Pan      | Identified the +11 long sword of Ojephac {protect, Str+4}
 98197 | Pan      | Got Guvab's Precepts of Dislocated Rot
 98204 | Pan      | Identified the ring of Jixkito {rElec rN+++ rCorr Int-3}
 98274 | Pan      | Reached skill level 10 in Spellcasting
 98283 | Pan      | Identified the +3 scale mail "Fumay" {rN+}
 98318 | Pan      | Identified the ring "Nupreat" {rPois rN+ rCorr Str+3 Int-2}
 98345 | Pan      | Identified the ring of the King {Will+ rCorr Int+6 Dex-3
                  | SInv}
 98357 | Pan      | Identified the ring of the Oligarchy {Fly rElec rC+ rN+
                  | Dex-4}
 98378 | Pan      | Found the +6 sword of Cerebov {flame}
 98378 | Pan      | Noticed Cerebov
 98399 | Pan      | Killed Cerebov
 98535 | Pan      | Identified the +7 giant club of the Peculiar Visions
                  | {heavy, *Rage rCorr Str+3 Dex+6}
 98535 | Pan      | Identified the +1 pair of gloves "Ommem" {rElec Stlth+}
 98537 | Pan      | Got a fiery rune of Zot
 98568 | Pan      | Identified the +2 war axe of the Breathing Whale {vamp,
                  | rPois}
 98641 | Pan      | Reached skill level 5 in Shapeshifting
100187 | Pan      | Found an exit through the horrors of the Abyss.
100234 | Pan      | Identified the +0 spear of the Radish {flame, rF+ Will+}
100243 | Pan      | Found a runed translucent door.
100447 | Pan      | Noticed Qucuam Ilava the pandemonium lord
100452 | Pan      | Killed Qucuam Ilava the pandemonium lord
101033 | Pan      | Found an exit through the horrors of the Abyss.
101291 | Pan      | Noticed Deymotz the pandemonium lord
101297 | Pan      | Killed Deymotz the pandemonium lord
102172 | Pan      | Found an exit through the horrors of the Abyss.
102829 | Pan      | Noticed Cepuy the pandemonium lord
102938 | Pan      | Killed Cepuy the pandemonium lord
103300 | Pan      | Found an exit through the horrors of the Abyss.
103342 | Pan      | Noticed Nypaipex the pandemonium lord
103350 | Pan      | Killed Nypaipex the pandemonium lord
103780 | Pan      | Identified the +2 robe of the Barber Surgeon {^Contam Harm
                  | MP-9 Str+8}
104110 | Depths:2 | Escaped Pandemonium
104289 | Hell     | Found a gateway to the freezing wastes of Cocytus.
104357 | Coc:1    | Entered Level 1 of Cocytus
105185 | Coc:4    | Paralysed by a wendigo for 1 turns
106024 | Coc:7    | Entered Level 7 of Cocytus
106326 | Coc:7    | Noticed an ancient lich
106338 | Coc:7    | Killed an ancient lich
106955 | Coc:7    | Reached skill level 10 in Shapeshifting
106967 | Coc:7    | Paralysed by a wendigo for 1 turns
107147 | Coc:7    | Paralysed by a wendigo for 1 turns
107397 | Coc:7    | Noticed Antaeus
107682 | Coc:7    | Killed Antaeus
107887 | Coc:7    | Got an icy rune of Zot
108221 | Tar:1    | Entered Level 1 of Tartarus
108481 | Tar:2    | Noticed an ancient lich
108505 | Tar:2    | Killed an ancient lich
108842 | Tar:2    | Learned a level 5 spell: Silence
109000 | Tar:3    | Reached skill level 1 in Hexes
109920 | Tar:5    | Noticed a dread lich
109923 | Tar:5    | Paralysed by a dread lich for 3 turns
109931 | Tar:5    | Killed a dread lich
110175 | Tar:7    | Entered Level 7 of Tartarus
110260 | Tar:7    | Noticed a dread lich
110267 | Tar:7    | Killed a dread lich
110489 | Tar:7    | Identified the ring "Rimn" {Fly MP+9 SInv}
110492 | Tar:7    | Identified the +2 trident of Suilunef {pain, rCorr Dex+2}
110645 | Tar:7    | Reached skill level 27 in Dodging
110929 | Tar:7    | Reached skill level 5 in Hexes
111104 | Tar:7    | Noticed the Serpent of Hell
111117 | Tar:7    | Killed the Serpent of Hell
111118 | Tar:7    | Noticed a dread lich
111127 | Tar:7    | Killed a dread lich
111532 | Tar:7    | Noticed Ereshkigal
111775 | Tar:7    | Killed Ereshkigal
111839 | Tar:7    | Got a bone rune of Zot
111902 | Tar:7    | Noticed an ancient lich
111909 | Tar:7    | Killed an ancient lich
112054 | Pan      | Entered Pandemonium
112054 | Pan      | Noticed Eshesy the pandemonium lord
112085 | Pan      | Killed Eshesy the pandemonium lord
112303 | Pan      | Found an exit through the horrors of the Abyss.
113782 | Pan      | Identified the ring of Igaofry {+Blink Dex+6}
113782 | Pan      | Noticed a seraph
113801 | Pan      | Killed a seraph
113831 | Pan      | Identified the scarf of Negation {harm, *Slow rN+++ MP+9
                  | Dex+2}
114267 | Pan      | Reached skill level 10 in Hexes
115030 | Pan      | Identified the +8 tower shield of the Gusle {-Cast rCorr
                  | Str-2 SInv}
115400 | Pan      | Noticed Bulickivyx the pandemonium lord
115445 | Pan      | Killed Bulickivyx the pandemonium lord
115641 | Pan      | Found an exit through the horrors of the Abyss.
116308 | Pan      | Found an exit through the horrors of the Abyss.
116620 | Pan      | Noticed Gaerch the pandemonium lord
116643 | Pan      | Killed Gaerch the pandemonium lord
116979 | Pan      | Noticed Yfoaqil the pandemonium lord
117020 | Pan      | Killed Yfoaqil the pandemonium lord
117407 | Pan      | Found an exit through the horrors of the Abyss.
117766 | Pan      | Noticed Toronin the pandemonium lord
117783 | Pan      | Killed Toronin the pandemonium lord
118066 | Pan      | Found an exit through the horrors of the Abyss.
118090 | Pan      | Noticed Quic the pandemonium lord
118102 | Pan      | Killed Quic the pandemonium lord
118386 | Pan      | Found an exit through the horrors of the Abyss.
118823 | Pan      | Identified the +0 quarterstaff of Puckish Gallantry {venom,
                  | Will- Str+3 Int+5 Dex+3}
119329 | Pan      | Found a runed translucent door.
119577 | Pan      | Got the Handbook of Chilly Contamination
119601 | Pan      | Noticed Volyusidd the pandemonium lord
119613 | Pan      | Killed Volyusidd the pandemonium lord
119822 | Pan      | Noticed Cuogef Reugh the pandemonium lord
120028 | Pan      | Identified the +5 ring mail "Nut Dioto" {Will+}
120049 | Pan      | Reached skill level 15 in Air Magic
120236 | Pan      | Reached skill level 15 in Hexes
120375 | Pan      | Found an exit through the horrors of the Abyss.
120631 | Pan      | Killed Cuogef Reugh the pandemonium lord
121231 | Pan      | Noticed Barureq the pandemonium lord
121246 | Pan      | Killed Barureq the pandemonium lord
121814 | Pan      | Found a transporter.
121834 | Pan      | Found a transporter.
121898 | Pan      | Found an exit through the horrors of the Abyss.
122517 | Pan      | Found a transporter.
122750 | Pan      | Identified the +2 sling of World Downfall {heavy, MP+9}
122894 | Pan      | Found a transporter.
123301 | Pan      | Noticed Jelot the pandemonium lord
123309 | Pan      | Killed Jelot the pandemonium lord
123987 | Pan      | Noticed Ruimpeb the pandemonium lord
124001 | Pan      | Killed Ruimpeb the pandemonium lord
124121 | Pan      | Found an exit through the horrors of the Abyss.
124600 | Pan      | Noticed Verubbi the pandemonium lord
124603 | Pan      | Killed Verubbi the pandemonium lord
124687 | Pan      | Found an exit through the horrors of the Abyss.
125219 | Pan      | Identified the +6 chain mail of the Shore {+Inv Str+2}
125580 | Pan      | Found an exit through the horrors of the Abyss.
125753 | Pan      | Noticed Wunacsau the pandemonium lord
125765 | Pan      | Killed Wunacsau the pandemonium lord
126324 | Pan      | Reached skill level 27 in Armour
126671 | Pan      | Found an exit through the horrors of the Abyss.
126980 | Pan      | Noticed Qolyamni the pandemonium lord
126987 | Pan      | Killed Qolyamni the pandemonium lord
127299 | Pan      | Noticed Gefrigapn the pandemonium lord
127303 | Pan      | Killed Gefrigapn the pandemonium lord
127313 | Pan      | Identified the ring of Lutyrovak {rCorr Int+6 Dex+4 Stlth+}
127719 | Pan      | Found an exit through the horrors of the Abyss.
128196 | Pan      | Noticed Baorhudgh the pandemonium lord
128207 | Pan      | Killed Baorhudgh the pandemonium lord
128414 | Pan      | Identified the ring of Zynuorho {rElec rCorr EV+5 SInv}
128942 | Pan      | Found an exit through the horrors of the Abyss.
129160 | Depths:2 | Escaped Pandemonium
129170 | Pan      | Entered Pandemonium
129426 | Pan      | Noticed Xiumpes the pandemonium lord
129427 | Pan      | Killed Xiumpes the pandemonium lord
129530 | Pan      | Found an exit through the horrors of the Abyss.
130179 | Pan      | Gained mutation: Armour fits poorly on your strangely
                  | shaped body. [a cacodemon]
130231 | Pan      | Noticed Weosm the pandemonium lord
130237 | Pan      | Killed Weosm the pandemonium lord
130533 | Pan      | Found an exit through the horrors of the Abyss.
130852 | Pan      | Found an exit through the horrors of the Abyss.
130993 | Pan      | Noticed Geabb the pandemonium lord
131011 | Pan      | Killed Geabb the pandemonium lord
131848 | Pan      | Identified the orb of Weipnypp {*channel, Str+3}
132093 | Pan      | Noticed Usmywuul the pandemonium lord
132110 | Pan      | Killed Usmywuul the pandemonium lord
132680 | Pan      | Noticed Toam the pandemonium lord
132892 | Pan      | Noticed Puinkete the pandemonium lord
132900 | Pan      | Killed Puinkete the pandemonium lord
133539 | Pan      | Noticed Yriraish the pandemonium lord
133774 | Pan      | Found an exit through the horrors of the Abyss.
133940 | Pan      | Killed Yriraish the pandemonium lord
134205 | Pan      | Found an exit through the horrors of the Abyss.
134435 | Pan      | Noticed Waduap the pandemonium lord
134447 | Pan      | Killed Waduap the pandemonium lord
135206 | Pan      | Noticed Hufuigy the pandemonium lord
135223 | Pan      | Killed Hufuigy the pandemonium lord
136238 | Pan      | Noticed Enocytsyhih the pandemonium lord
136388 | Pan      | Killed Enocytsyhih the pandemonium lord
136515 | Pan      | Found an exit through the horrors of the Abyss.
137068 | Pan      | Noticed Wooptioryj the pandemonium lord
137104 | Pan      | Killed Wooptioryj the pandemonium lord
137660 | Pan      | Found an exit through the horrors of the Abyss.
138514 | Pan      | Noticed Yleah the pandemonium lord
138533 | Pan      | Killed Yleah the pandemonium lord
138896 | Pan      | Found an exit through the horrors of the Abyss.
138904 | Pan      | Identified the +6 war axe of Excruciating Pain {flame,
                  | Will+++ Str+4 Dex-5}
138977 | Depths:2 | Escaped Pandemonium
139284 | Tomb:1   | Entered Level 1 of the Tomb of the Ancients
140833 | Tomb:2   | HP: 13/273 [royal mummy/divine providence (14)]
141251 | Tomb:3   | Entered Level 3 of the Tomb of the Ancients
142370 | Tomb:3   | Got a golden rune of Zot
142448 | Tomb:3   | Found the ring of the Octopus King
142601 | Tomb:3   | Identified the +1 great sword of Kindness {elec, rPois rN+}
142744 | Tomb:3   | Identified the +0 troll leather armour of Notugae {rElec
                  | rN+ Regen+}
142755 | Tomb:3   | Identified the +9 orcbow of Jymm {freeze, rPois rN+ MP+9
                  | Dex-3}
142761 | Tomb:3   | Identified a ring of the Octopus King {HP+2 AC+2 EV+2 SH+2
                  | SInv}
142765 | Tomb:3   | Identified the ring of Fowuasmu {Fly rCorr Str+2}
142768 | Tomb:3   | Identified the +4 rapier "Miatt" {flame, ^Fragile Dex+4
                  | SInv}
142769 | Tomb:3   | Identified the +8 chain mail of a Labyrinth {rPois Will+}
143716 | Zot:1    | Entered Level 1 of the Realm of Zot
144097 | Zot:1    | Reached skill level 27 in Air Magic
145000 | Zot:2    | Found a transporter.
145002 | Zot:2    | Noticed an orb of fire
145020 | Zot:2    | Killed an orb of fire
145286 | Zot:2    | Identified the ring "Soof" {rElec rPois rN+ Str+6 Stlth+}
145288 | Zot:2    | Found a transporter.
145363 | Zot:2    | Identified the +7 rapier "Pilicuts" {speed, rN+ Int+3
                  | Stlth+}
146134 | Zot:3    | Found the +8 orange crystal plate armour {Archmagi, Int+3
                  | Clar}
146137 | Zot:3    | You are sucked into a shaft and drop 1 floor!
148059 | Zot:5    | Entered Level 5 of the Realm of Zot
148427 | Zot:5    | Noticed an ancient lich
148457 | Zot:5    | Killed an ancient lich
148663 | Zot:5    | Noticed an orb of fire
148667 | Zot:5    | Gained mutation: You are vulnerable to heat. (rF-) [an orb
                  | of fire]
148677 | Zot:5    | Killed an orb of fire
148724 | Zot:5    | Reached skill level 15 in Shapeshifting
148737 | Zot:5    | Noticed an orb of fire
148754 | Zot:5    | Killed an orb of fire
148757 | Zot:5    | Noticed a dread lich
148764 | Zot:5    | Noticed an ancient lich
148772 | Zot:5    | Noticed a dread lich
148773 | Zot:5    | Noticed a dread lich
148776 | Zot:5    | Paralysed by a Zot trap for 2 turns
148863 | Zot:5    | Killed an ancient lich
148901 | Zot:5    | Killed a dread lich
148908 | Zot:5    | Killed a dread lich
149007 | Zot:5    | Killed a dread lich
149083 | Zot:5    | Lost mutation: You are somewhat resistant to further
                  | mutation. [potion of mutation]
149083 | Zot:5    | Lost mutation: Armour fits poorly on your strangely shaped
                  | body. [potion of mutation]
149083 | Zot:5    | Gained mutation: Your spells are a little harder to cast,
                  | but a little more powerful. [potion of mutation]
149083 | Zot:5    | Gained mutation: You have a pair of small antennae on your
                  | head. [potion of mutation]
149084 | Zot:5    | Lost mutation: You have a pair of small antennae on your
                  | head. [potion of mutation]
149084 | Zot:5    | Lost mutation: Your spells are a little harder to cast, but
                  | a little more powerful. [potion of mutation]
149084 | Zot:5    | Gained mutation: You occasionally lose the ability to drink
                  | potions when taking damage. [potion of mutation]
149084 | Zot:5    | Gained mutation: You possess an exceptional clarity of
                  | mind. [potion of mutation]
149085 | Zot:5    | Lost mutation: You are vulnerable to heat. (rF-) [potion of
                  | mutation]
149085 | Zot:5    | Lost mutation: You occasionally shout uncontrollably at
                  | your foes. [potion of mutation]
149085 | Zot:5    | Lost mutation: You occasionally lose the ability to drink
                  | potions when taking damage. [potion of mutation]
149085 | Zot:5    | Gained mutation: Your body sometimes deteriorates upon
                  | taking damage. [potion of mutation]
149085 | Zot:5    | Gained mutation: Potions are less effective at restoring
                  | your health. [potion of mutation]
149086 | Zot:5    | Lost mutation: Your body sometimes deteriorates upon taking
                  | damage. [potion of mutation]
149086 | Zot:5    | Lost mutation: Potions are less effective at restoring your
                  | health. [potion of mutation]
149086 | Zot:5    | Gained mutation: You occasionally lose the ability to read
                  | scrolls when taking damage. [potion of mutation]
149086 | Zot:5    | Lost mutation: You occasionally lose the ability to read
                  | scrolls when taking damage. [potion of mutation]
149138 | Zot:5    | Got the Orb of Zot
149155 | Zot:5    | Noticed Koguuwud the pandemonium lord
149163 | Zot:5    | Killed Koguuwud the pandemonium lord
149503 | Depths:3 | Noticed Yjehukof the pandemonium lord
149511 | Depths:3 | Killed Yjehukof the pandemonium lord
149917 | D:$      | Escaped with the Orb!

Illustrated notes

Levels and vault maps discovered:
D:1:      nicolae_arrival_washed_ashore, layout_loops_ring,
          hangedman_abyss_or_decor_lesser_grid, grunt_decor_cap
D:2:      layout_rooms, basic_altar
D:3:      minmay_door_path, layout_basic, demons_altar,
          mainiacjoe_overflow_swirl, uniq_sigmund, uniq_grinder, uniq_robin
D:4:      layout_loops_ring, mainiacjoe_overflow_boulevard,
          nicolae_ossuary_entry_plus, guppyfry_early_orc_mine
D:5:      layout_basic, nicolae_overflow_crystal_walls, lemuel_temple_firewalk_a
D:6:      nicolae_cairo_tiling_large, layout_cave_pods, xom_confusion_cloud,
          grunt_gozag_breadcrumbs, elyvilon_altar_4, serial_glass,
          glass_columns_b, glass_columns_a, chequers_serial_rivers_micro_d,
          minmay_shop_enchanted_jewellery, chequers_avenue,
          minmay_misc_feat_hallway
D:7:      layout_basic, mainiacjoe_overflow_brackets
D:8:      layout_loops_ring, mainiacjoe_overflow_catch_the_wave, uniq_pikel,
          uniq_jeremiah, uniq_joseph
D:9:      layout_long_grid, kennysheep_mini_moat, lemuel_doored_altar,
          uniq_erolcha
D:10:     layout_loops_cross, david_lair_generic, serial_bayou,
          serial_bayou_ford_a, serial_bayou_pond_d, serial_bayou_pond_b,
          serial_bayou_lake_a, serial_bayou_pond_b, uniq_erica, uniq_maurice,
          uniq_sonja, uniq_psyche
D:11:     layout_basic, david_orc_1_choice, kennysheep_nub, nrook_campfire,
          kennysheep_pointless_box
D:12:     layout_loops_cross, gauntlet_entry_generic,
          ebering_ghost_reflecting_pool, serial_shops,
          nicolae_shop_advertising_works [nicolae_subvault_shop_adworks],
          kennysheep_little_box, uniq_azrael
D:13:     layout_loops_ring, david_vaults_5
D:14:     layout_gridville, nicolae_twisting_strands,
          nicolae_guarded_unrand_storm_shield
D:15:     grunt_enter_depths_hoard, layout_loops_ring, serial_shops,
          nicolae_shop_tiny_real_fake_doors, chequers_guarded_unrand_ignorance,
          uniq_agnes, uniq_rupert
Lair:1:   layout_loops_ring, cheibrodos_lair_lostbears
Lair:2:   layout_hall_layers, minmay_hedge_maze, serial_bayou_pond_c,
          worms_lemuel, grunt_megastairs_3
Lair:3:   layout_cave_pods, elwin_shoals_entry_rocks,
          hellmonk_spider_entry_life_and_decay
Lair:4:   layout_regular_city, grunt_megastairs_5
Lair:5:   evilmike_catoblepas_cave, layout_small_grid,
          minmay_slime_entry_pillars, infiniplex_staircase_pool,
          lemuel_fruit_tree
Shoals:1: layout_shoals, nicolae_splish_splash
Shoals:2: layout_shoals, nicolae_shoals_square_sea_wall,
          nicolae_shoals_this_corrosion
Shoals:3: layout_shoals
Shoals:4: shoals_end_grunt_ice, layout_shoals, uniq_polyphemus, uniq_aizul,
          uniq_mlioglotl
Spider:1: layout_spider_delve, hangedman_spider_trapstep
Spider:2: layout_spider_delve, hellmonk_deceptive_appearances
Spider:3: layout_cave_pods
Spider:4: hellmonk_spider_rune_bug_friends, spiders_nest_spider_trap
Slime:1:  layout_caves
Slime:2:  layout_caves
Slime:3:  layout_caves, special_room [special_room_jelly],
          nicolae_slime_getting_an_eyeful, uniq_dissolution
Slime:4:  layout_caves, special_room [special_room_jelly]
Slime:5:  slime_pit
Orc:1:    layout_caves, mines4_lemuel
Orc:2:    grunt_orc_tribal_feast, layout_diamond_mine
Elf:1:    layout_loops_cross, portal_desolation_entry_ruin, minivault_28,
          lemuel_upstairs_altar, uniq_louise
Elf:2:    elven_hall_of_blades_hangedman_original
          [nicolae_blade_entry_splitting_headache], layout_rooms, serial_shops,
          nicolae_shop_stone, abandoned_shop, uniq_asterion
Elf:3:    minmay_elf_hall_not_hex, layout_loops_cross, basic_altar,
          serial_shops, nicolae_shop_tiny_real_fake_doors, uniq_mara,
          uniq_nikola
Vaults:1: v_misc_14, v_rooms_2, nicolae_vaults_asterisk,
          hangedman_vaults_impose, vaults_room_hallway, vaults_room_fours,
          nicolae_vaults_more_shelving_1, ontoclasm_vaults_ring_square,
          grunt_vaults_trifunnel, hangedman_vaults_trim,
          nicolae_vaults_asterisk, nicolae_vaults_closet_pinwheel_6,
          layout_vaults_big_room, serial_shops, shop
Vaults:2: v_misc_8, ontoclasm_vaults_ligature, hangedman_vaults_river_flow,
          vaults_room_octagon, nicolae_vaults_apartment_1, grunt_vaults_swirl,
          ontoclasm_vaults_gateway, vaults_room_hangedman_quadrants,
          layout_vaults_omnigrid, dummy_crypt_entry, nicolae_trove_entry_columns
Vaults:3: nicolae_vaults_sightless_eye, nicolae_vaults_crenellated_ambush,
          hangedman_vaults_restitches, v_pattern_5,
          hangedman_vaults_stretched_pinwheel, nicolae_vaults_six-pack,
          v_misc_27, vaults_room_stairs_pillars, nicolae_vaults_network_square,
          nicolae_vaults_trapezoid_lopsided_1, layout_vaults_ring
Vaults:4: nicolae_vaults_ellipses_ellipsis, v_alt_pattern_4,
          nicolae_vaults_meiosis, v_misc_9, dpeg_vaults_pockets_of_resistance,
          nicolae_vaults_tetromino_L_2, nicolae_vaults_storage_closets_2,
          ontoclasm_vaults_decontamination, vaults_dpeg_encased_lava,
          nicolae_vaults_asterisk, hangedman_vaults_restitches,
          nicolae_vaults_border_crossing, nicolae_vaults_tangram_1,
          layout_vaults_omnicross
Vaults:5
Crypt:1:  layout_chaotic_city, grunt_megastairs_4, uniq_frederick
Crypt:2:  layout_misc_corridors, fountainhead, grunt_megastairs_1
Crypt:3:  lightli_unholy_cathedral, layout_chaotic_city,
          nicolae_tomb_entry_unfolded_pyramid_orthogonal,
          hangedman_crypt_dual_shrines
Tomb:1
Tomb:2
Tomb:3
Depths:1: layout_cross, chequers_serial_rivers_micro_b, hellmouth_1,
          abyss_entry_small_statue_room, nicolae_blasting_shop,
          nicolae_custom_books, fake_guardian_serpent_vault
Depths:2: hourglass_vault, layout_gridlike, rand_demon_pan_entry_5, hell_entry,
          ice2_lemuel, minmay_staircase_bubble, minmay_shop_grove
Depths:3: kennysheep_bubbly, layout_cave_shapes, serial_shops, shop,
          nicolae_square_shop, shop, grunt_hell_entry_demonic_statue,
          nicolae_abyss_entry_one_way_or_another, nicolae_uskayaw_suspiria,
          uniq_mennas
Depths:4: regret_index_infernal_bastille, layout_gridville, enter_ziggurat_e,
          hangedman_coc_ice_floe
Hell
Dis:1:    layout_jigsaw
Dis:2:    layout_gridville
Dis:3:    layout_jigsaw, nicolae_dis_metal_dragon_surprise
Dis:4:    layout_subdivisions
Dis:5:    layout_jigsaw, nicolae_dis_strange_trophy_room
Dis:6:    layout_jigsaw, nicolae_dis_step_into_the_octagon
Dis:7:    dis_grunt_layers
Geh:1:    layout_gehenna_lava_caves
Geh:2:    layout_gehenna_lava_caves
Geh:3:    layout_gehenna_lava_caves
Geh:4:    layout_gehenna_lava_caves
Geh:5:    layout_gehenna_pools_basic
Geh:6:    layout_gehenna_lava_caves, nicolae_geh_gnashing_of_teeth
Geh:7:    geh_grunt_pentagon
Coc:1:    layout_ice_bergs
Coc:2:    layout_cocytus_delve
Coc:3:    layout_ice_bergs
Coc:4:    layout_cocytus_water_paths
Coc:5:    layout_cocytus_delve, serial_ice
Coc:6:    layout_cocytus_delve
Coc:7:    coc_grunt_cove [coc_grunt_cove_antaeus, coc_grunt_cove_fiend,
          coc_grunt_cove_fiend, coc_grunt_cove_fiend, coc_grunt_cove_fiend]
Tar:1:    layout_grid_maze, nicolae_tar_cuneiform_bird
Tar:2:    layout_catacombs, tekkud_tar_snaking_path
Tar:3:    layout_grid_maze
Tar:4:    nicolae_hells_demon_pit, layout_cathedral_of_symmetry,
          nicolae_tar_cuneiform_bird
Tar:5:    layout_grid_maze, nicolae_tar_cuneiform_city,
          nicolae_tar_honey_rotating
Tar:6:    layout_cathedral_of_symmetry, nicolae_tar_windowcombs
Tar:7:    tar_old
Zot:1:    lemuel_acid_trip, layout_onion, hangedman_hellfire_club
Zot:2:    gammafunk_sealed_arena, layout_onion, regret_index_zotdec_banners
Zot:3:    layout_basic, grunt_ministairs_8, nicolae_tricolors
Zot:4:    layout_concentric_octagons, nicolae_zot_crop_circle,
          regret_index_zotdec_twisting_globes
Zot:5:    layout_misc_corridors

Skill      XL: |  1  2  3  4  5  6  7  8  9 10 11 12 13 14 15 16 17 18 19 20 21 22 23 24 25 26 27 |
---------------+----------------------------------------------------------------------------------+-----
Long Blades    | 2 4 5 6 7 9 11 12 14 15 16 17 18 19 20 21 22 23 24 25 27 | 27.0
Armour         | 3 4 5 6 7 8 9 10 11 12 13 27 | 27.0
Fighting       | 3 4 5 6 7 9 10 13 14 16 18 19 20 21 22 23 24 25 26 27 | 27.0
Shields        | 3 4 5 6 7 8 9 11 13 15 16 17 19 20 21 22 24 27 | 27.0
Dodging        | 1 2 4 5 6 7 8 9 10 11 12 13 14 15 16 27 | 27.0
Evocations     | 1 4 7 9 10 | 10.0
Stealth        | 1 3 4 5 |  5.0
Throwing       | 5 8 10 | 10.0
Air Magic      | 27 | 27.0
Translocations | 12 | 12.0
Spellcasting   | 11 | 11.8
Shapeshifting  | 16 | 16.1
Hexes          | 26 | 26.0

Action                     |  1- 3 |  4- 6 |  7- 9 | 10-12 | 13-15 | 16-18 | 19-21 | 22-24 | 25-27 || total
---------------------------+-------+-------+-------+-------+-------+-------+-------+-------+-------++-------
  Melee: Long sword        |   133 |    44 |   598 |   226 |       |       |       |       |       ||  1001
         Scimitar          |       |       |       |   472 |  1503 |  1779 |  1770 |  1440 |    90 ||  7054
         Eudemon blade     |       |       |       |       |       |       |       |   807 |  9857 || 10664
         Headbutt          |       |       |       |       |       |       |       |       |  1378 ||  1378
         Demon blade       |       |       |       |       |       |       |       |       |  1131 ||  1131
  Throw: Dart              |       |       |       |     3 |       |       |     1 |       |     2 ||     6
         Throwing net      |       |       |       |     1 |       |       |       |       |       ||     1
         Javelin           |       |       |       |       |       |       |       |       |     3 ||     3
   Cast: Vhi's Electric Ch |       |       |       |       |       |       |       |       |    79 ||    79
         Silence           |       |       |       |       |       |       |       |       |     9 ||     9
         Swiftness         |       |       |       |       |       |       |       |       |     6 ||     6
         Blink             |       |       |       |       |       |       |       |       |     1 ||     1
  Evoke: Wand              |     1 |       |     5 |       |       |       |       |     3 |    10 ||    19
         Phial of floods   |       |       |       |       |       |       |       |       |     1 ||     1
         Phantom mirror    |       |       |       |       |       |       |       |       |     2 ||     2
    Use: Scroll            |       |       |     9 |    21 |     7 |     8 |    10 |     8 |    45 ||   108
         Potion            |       |       |       |     4 |     2 |     4 |     4 |    11 |    53 ||    78
   Stab: Sleeping          |       |       |     1 |     4 |     9 |     9 |     4 |    18 |    56 ||   101
         Distracted        |       |       |       |     2 |     2 |     8 |     6 |    15 |   224 ||   257
         Held in net/web   |       |       |       |     2 |       |       |       |       |       ||     2
         Invisible         |       |       |       |     1 |       |       |       |     3 |       ||     4
         Petrified         |       |       |       |       |       |     4 |       |       |       ||     4
         Confused          |       |       |       |       |       |       |       |       |     1 ||     1
 Armour: Scale mail        |    96 |    37 |   270 |    46 |   628 |   551 |       |       |   168 ||  1796
         Steam dragon scal |       |       |    80 |   246 |       |       |       |       |       ||   326
         Skin              |       |       |       |     4 |       |       |       |       |    11 ||    15
         Acid dragon scale |       |       |       |    46 |       |       |       |       |       ||    46
         Fire dragon scale |       |       |       |       |       |   144 |   365 |   388 |  1235 ||  2132
  Dodge: Dodged            |    70 |     8 |   211 |   365 |  1056 |  1047 |   880 |  1288 |  4742 ||  9667
  Block: Buckler           |    36 |    14 |   154 |   190 |   531 |   463 |       |       |       ||  1388
         Kite shield       |       |       |       |       |       |   478 |  1661 |  2228 | 10117 || 14484
         Tower shield      |       |       |       |       |       |       |       |   321 |   200 ||   521
